 Dungeon Crawl Stone Soup version 0.23-a0-143-g1adec7bb76 (webtiles) character file.

17519643 Yermak the Ninja (level 27, 201/201 HPs)
             Began as a Halfling Wanderer on Sept 2, 2018.
             Was an Initiate of Gozag.
             Escaped with the Orb
             ... and 15 runes!
             The game lasted 06:21:25 (88420 turns).

Yermak the Ninja (Halfling Wanderer)               Turns: 88420, Time: 06:21:26

Health: 201/201    AC: 42    Str: 23    XL:     27
Magic:  61/61      EV: 35    Int: 26    God:    Gozag
Gold:   13727      SH:  5    Dex: 27    Spells: 2/57 levels left

rFire    + + .     SeeInvis +   a - +10 broad axe of Zeeschis {vamp, rC+ MP+9}
rCold    . . .     Gourm    .   (shield currently unavailable)
rNeg     + . .     Faith    .   b - +8 fire dragon scales
rPois    +         Spirit   .   x - +3 hat of Pondering {ponderous, MR+ MP+10 Int+5}
rElec    .         Reflect  +   l - +2 cloak of the Thief {+Fog Slay-2 SInv Stlth+}
rCorr    .         Harm     .   d - +3 pair of gauntlets of War {Slay+5}
MR       ++++.                  V - +2 pair of boots of the Assassin {Detection Stab+ Stlth++}
Stlth    ++++......             u - amulet "Seruy" {Reflect Int+4 Dex+2 Slay+5 SH+5}
HPRegen  0.43/turn              F - ring of the Octopus King {rN+ AC+1 EV+1 Str+1 Int+1 Dex+1}
MPRegen  0.37/turn              m - ring "Xiezito" {rPois MR+ Int+7 Dex+5, =R}

@: gold aura, deflect missiles, slow
A: small, mutation resistance 1
0: Orb of Zot
}: 15/15 runes: barnacled, slimy, silver, golden, iron, obsidian, icy, bone,
abyssal, demonic, glowing, magical, fiery, dark, gossamer
a: Potion Petition, Call Merchant, Bribe Branch, Renounce Religion, Evoke Fog


You escaped.
You worshipped Gozag.
Gozag was extremely pleased with you.
You were not hungry.

You visited 17 branches of the dungeon, and saw 89 of its levels.
You visited Pandemonium 1 time, and saw 15 of its levels.
You visited the Abyss 1 time.
You visited 1 bazaar.
You visited 1 ziggurat, and saw 15 of its levels.
You also visited: Labyrinth, Bailey and Ice Cave.

You collected 53595 gold pieces.
You spent 12934 gold pieces at shops.
You paid 26934 gold pieces to Gozag.

Inventory:

Hand Weapons
 a - the +10 broad axe of Zeeschis (weapon) {vamp, rC+ MP+9}
   (You found it on level 5 of the Dungeon)

   It inflicts no extra harm, but heals its wielder when it wounds a living foe.
   It protects you from cold.
   It affects your magic capacity (+9).
Missiles
 q - 12 tomahawks of returning
 J - 16 tomahawks (quivered)
 Z - 8 throwing nets
Armour
 b - +8 fire dragon scales (worn)
 d - the +3 pair of gauntlets of War (worn) {Slay+5}
   (You acquired it on level 1 of the Spider Nest)

   It affects your accuracy and damage with ranged weapons and melee attacks
   (+5).
 j - the +1 cloak of Starlight {rElec rC+ EV+4 Stlth--}
   (You found it on level 15 of a ziggurat)

   It affects your evasion (+4).
   It protects you from cold.
   It insulates you from electricity.
   It makes you much less stealthy.
 l - the +2 cloak of the Thief (worn) {+Fog Slay-2 SInv Stlth+}
   (You found it on level 3 of the Tomb of the Ancients)

   It affects your accuracy and damage with ranged weapons and melee attacks
   (-2).
   It lets you see invisible.
   It makes you more stealthy.
 w - a +2 cloak of invisibility
 x - the +3 hat of Pondering (worn) {ponderous, MR+ MP+10 Int+5}
   (You bought it in a shop on level 1 of the Vaults)

   It affects your intelligence (+5).
   It affects your resistance to hostile enchantments.
   It affects your magic capacity (+10).
 V - the +2 pair of boots of the Assassin (worn) {Detection Stab+ Stlth++}
   (You acquired it on level 1 of the Vaults)

   It makes you much more stealthy.
Jewellery
 c - the ring of Coofucam {rC+ Str+5 Int+9 Dex-2 Stlth+}
   (You took it off a balrug in Pandemonium)

   [ring of protection from cold]

   It affects your strength (+5).
   It affects your intelligence (+9).
   It affects your dexterity (-2).
   It protects you from cold.
   It makes you more stealthy.
 m - the ring "Xiezito" (right hand) {rPois MR+ Int+7 Dex+5, =R}
   (You bought it in a shop on level 1 of the Lair of Beasts)

   [ring of protection from magic]

   It affects your intelligence (+7).
   It affects your dexterity (+5).
   It protects you from poison.
   It affects your resistance to hostile enchantments.
 o - the ring "Miziy" {+Fly rElec rC+ Str-3 Int+8}
   (You found it on level 3 of the Shoals)

   [ring of flight]

   It affects your strength (-3).
   It affects your intelligence (+8).
   It protects you from cold.
   It insulates you from electricity.
   It lets you fly.
 u - the amulet "Seruy" (around neck) {Reflect Int+4 Dex+2 Slay+5 SH+5}
   (You bought it in a shop on level 1 of the Lair of Beasts)

   [amulet of reflection]

   It shields you and reflects attacks.
   It affects your intelligence (+4).
   It affects your dexterity (+2).
   It affects your accuracy and damage with ranged weapons and melee attacks
   (+5).
   It affects your SH (+5).
 F - a ring of the Octopus King (left hand) {rN+ AC+1 EV+1 Str+1 Int+1 Dex+1}
   (You took it off an entropy weaver on level 5 of the Vaults)

   [ring of positive energy]

   It affects your AC (+1).
   It affects your evasion (+1).
   It affects your strength (+1).
   It affects your intelligence (+1).
   It affects your dexterity (+1).
   It protects you from negative energy.
Wands
 A - a wand of acid (9)
 D - a wand of digging (54)
 I - a wand of iceblast (39)
 O - a wand of clouds (2)
 P - a wand of paralysis (103)
 S - a wand of scattershot (13)
Scrolls
 n - 4 scrolls of holy word
 s - 5 scrolls of enchant armour
 B - 3 scrolls of blinking
 C - 8 scrolls of immolation
 E - 2 scrolls of summoning
 G - 7 scrolls of fear
 K - 12 scrolls of fog
 N - 33 scrolls of remove curse
 R - a scroll of identify
 T - 20 scrolls of teleportation
Potions
 e - 8 potions of invisibility
 f - 3 potions of cancellation
 g - 2 potions of might
 h - 8 potions of mutation {!q}
 k - 6 potions of resistance
 p - 10 potions of ambrosia
 r - 5 potions of magic
 t - 8 potions of brilliance
 v - a potion of heal wounds
 H - 4 potions of haste
 L - 9 potions of agility
 Q - 15 potions of curing
Miscellaneous
 i - a phantom mirror
 y - a lightning rod (4/4)
 M - a figurine of a ziggurat
 U - 8 boxes of beasts
 W - 5 sacks of spiders
 X - the horn of Geryon
 Y - a lamp of fire
Comestibles
 z - 17 rations


   Skills:
 - Level 20.0 Fighting
   Level 2.0 Short Blades
 - Level 18.0 Axes
   Level 2.1 Crossbows
 - Level 12.0 Throwing
 - Level 25.5 Armour
 - Level 21.3 Dodging
 O Level 27 Stealth
   Level 1.1 Shields
 - Level 15.5 Spellcasting
 - Level 2.0 Hexes
 - Level 13.0 Charms
 - Level 6.0 Summonings
 + Level 22.2 Necromancy
 - Level 22.0 Translocations
 - Level 1.2 Transmutations
   Level 3.1 Ice Magic
 - Level 11.0 Air Magic
 - Level 12.8 Earth Magic
   Level 1.0 Poison Magic
 - Level 15.0 Evocations


You had 2 spell levels left.
You knew the following spells:

 Your Spells              Type           Power        Failure   Level  Hunger
a - Recall                Summ/Tloc      N/A          1%          3    None
b - Animate Skeleton      Necr           N/A          0%          1    None
c - Passwall              Tmut/Erth      ######..     1%          2    None
d - Blink                 Tloc           N/A          0%          2    None
e - Lesser Beckoning      Tloc           #######...   0%          3    None
f - Deflect Missiles      Chrm/Air       ######....   4%          6    ####...
g - Apportation           Tloc           ######       0%          1    None
v - Borgnjor's Vile Clut  Necr/Erth      #######...   1%          5    None
y - Song of Slaying       Chrm           ######..     1%          2    None
z - Passage of Golubria   Tloc           N/A          0%          4    None
C - Controlled Blink      Tloc           N/A          3%          8    #######
J - Portal Projectile     Hex/Tloc       ######       1%          3    None
L - Summon Lightning Spi  Summ/Air       ######..     1%          4    None
P - Borgnjor's Revivific  Necr           #######...   3%          8    #######
R - Regeneration          Chrm/Necr      #######...   0%          3    None

Your spell library contained the following spells:

 Spells                   Type           Power        Failure   Level  Hunger
 Pain                     Necr           ####         0%          1    None
 Corpse Rot               Necr           N/A          0%          2    None
 Shroud of Golubria       Chrm/Tloc      #######...   0%          2    None
 Sublimation of Blood     Necr           #######...   0%          2    None
 Confusing Touch          Hex            ####..       1%          1    None
 Corona                   Hex            ####...      1%          1    None
 Freeze                   Ice            ####         1%          1    None
 Infusion                 Chrm           ####         1%          1    None
 Sandblast                Erth           ######       1%          1    None
 Shock                    Conj/Air       ####         1%          1    None
 Summon Butterflies       Summ           ######..     1%          1    None
 Summon Small Mammal      Summ           ####         1%          1    None
 Call Imp                 Summ           ######..     1%          2    None
 Poisonous Vapours        Pois/Air       ######       1%          2    None
 Swiftness                Chrm/Air       ######..     1%          2    None
 Beastly Appendage        Tmut           ####..       2%          1    None
 Ensorcelled Hibernation  Hex/Ice        ####..       2%          2    None
 Slow                     Hex            ####....     3%          2    None
 Throw Frost              Conj/Ice       ####..       3%          2    None
 Flame Tongue             Conj/Fire      ###..        4%          1    None
 Magic Dart               Conj           ###.         4%          1    None
 Sticks to Snakes         Tmut           ####....     4%          2    None
 Searing Ray              Conj           ###...       7%          2    None
 Throw Flame              Conj/Fire      ###...       7%          2    None
 Gell's Gravitas          Tloc           #######...   0%          3    None
 Teleport Other           Tloc           #######.     0%          3    None
 Vampiric Draining        Necr           #######...   0%          3    None
 Animate Dead             Necr           N/A          0%          4    None
 Agony                    Necr           #######.     0%          5    None
 Dispel Undead            Necr           #######.     0%          5    None
 Call Canine Familiar     Summ           ######..     1%          3    None
 Ozocubu's Armour         Chrm/Ice       ######..     1%          3    None
 Spectral Weapon          Hex/Chrm       ######..     1%          3    None
 Static Discharge         Conj/Air       #####...     1%          3    None
 Stone Arrow              Conj/Erth      ######       1%          3    None
 Airstrike                Air            ######....   1%          4    None
 Force Lance              Conj/Tloc      ######..     1%          4    None
 Leda's Liquefaction      Hex/Erth       ######....   1%          4    None
 Bolt of Draining         Conj/Necr      ######....   1%          5    None
 Excruciating Wounds      Chrm/Necr      #######...   1%          5    None
 Lee's Rapid Deconstruct  Erth           ######....   1%          5    None
 Summon Forest            Summ/Tloc      #######...   1%          5    None
 Death Channel            Necr           #######...   1%          6    ####...
 Dispersal                Tloc           #######...   1%          6    ####...
 Mephitic Cloud           Conj/Pois/Air  #####...     2%          3    None
 Summon Guardian Golem    Hex/Summ       #####...     2%          3    None
 Petrify                  Tmut/Erth      ######..     2%          4    None
 Simulacrum               Ice/Necr       ######....   3%          6    ####...
 Disjunction              Tloc           #######...   3%          8    #######
 Confuse                  Hex            ####....     6%          3    None
 Tukima's Dance           Hex            ####....     6%          3    None
 Summon Ice Beast         Ice/Summ       #####...     7%          4    None
 Dazzling Spray           Conj/Hex       ####..       9%          3    None
 Inner Flame              Hex/Fire       ####....     9%          3    None
 Spider Form              Tmut/Pois      ####......   9%          3    None
 Iskenderun's Battlesphe  Conj/Chrm      ######..     9%          5    None
 Silence                  Hex/Air        ######....   9%          5    None
 Ignite Poison            Fire/Tmut/Pois ###.....     10%         3    None
 Aura of Abjuration       Summ           ######....   11%         5    None
 Summon Demon             Summ           ######....   11%         5    None
 Malign Gateway           Summ/Tloc      #######...   12%         7    #####..
 Conjure Flame            Conj/Fire      ###.....     13%         3    None
 Lightning Bolt           Conj/Air       #####.....   13%         5    None
 Cause Fear               Hex            ####......   19%         4    None
 Ice Form                 Ice/Tmut       ####....     19%         4    None
 Throw Icicle             Conj/Ice       ####....     22%         4    None
 Bolt of Magma            Conj/Fire/Erth #####.....   22%         5    None
 Summon Mana Viper        Hex/Summ       #####...     24%         5    None
 Fulminant Prism          Conj/Hex       ####......   28%         4    None
 Statue Form              Tmut/Erth      ######...    36%         6    ####...
 Metabolic Englaciation   Hex/Ice        ####......   38%         5    None
 Iskenderun's Mystic Bla  Conj           ###.....     41%         4    None
 Sticky Flame             Conj/Fire      ###.....     41%         4    None
 Iron Shot                Conj/Erth      ######....   43%         6    ####...
 Shadow Creatures         Summ           N/A          50%         6    ####...
 Yara's Violent Unravell  Hex/Tmut       ####......   52%         5    None
 Conjure Ball Lightning   Conj/Air       #####.....   56%         6    ####...
 Alistair's Intoxication  Tmut/Pois      ####....     58%         5    None
 Blade Hands              Tmut           ####......   58%         5    None
 Irradiate                Conj/Tmut      ###.......   67%         5    None
 Freezing Cloud           Conj/Ice/Air   #####.....   67%         6    ####...
 Venom Bolt               Conj/Pois      ###.......   69%         5    None
 Fireball                 Conj/Fire      ###.......   77%         5    None
 Ozocubu's Refrigeration  Ice            #####.....   88%         6    ####...
 Ring of Flames           Chrm/Fire      ######....   95%         7    #####..
 Darkness                 Hex            ####......   96%         6    ####...
 Invisibility             Hex            ####....     96%         6    ####...
 Monstrous Menagerie      Summ           ######....   97%         7    #####..
 Summon Greater Demon     Summ           ######....   97%         7    #####..
 Summon Hydra             Summ           ######....   97%         7    #####..
 Bolt of Cold             Conj/Ice       ####......   98%         6    ####...
 Hydra Form               Tmut           ####......   99%         6    ####...
 Poison Arrow             Conj/Pois      ###.......   99%         6    ####...
 Bolt of Fire             Conj/Fire      ###.......   100%        6    ####...
 Dragon Form              Tmut           ####......   100%        7    #####..
 Orb of Destruction       Conj           ###.......   100%        7    #####..
 Spellforged Servitor     Conj/Summ      #####.....   100%        7    #####..
 Chain Lightning          Conj/Air       #####.....   100%        8    #######
 Discord                  Hex            ####......   100%        8    #######
 Ignition                 Fire           ###.......   100%        8    #######
 Lehudib's Crystal Spear  Conj/Erth      ######....   100%        8    #######
 Summon Horrible Things   Summ           ######....   100%        8    #######
 Dragon's Call            Summ           ######....   100%        9    #######
 Fire Storm               Conj/Fire      ###.......   100%        9    #######
 Glaciate                 Conj/Ice       ####......   100%        9    #######
 Shatter                  Erth           ######....   100%        9    #######
 Tornado                  Air            ######....   100%        9    #######


Dungeon Overview and Level Annotations

Branches:
Dungeon (15/15)            Temple (0/1) D:7            Lair (6/6) D:11
 Shoals (4/4) Lair:2       Spider (4/4) Lair:2        Slime (5/5) Lair:5
    Orc (2/2) D:11            Elf (3/3) Orc:2        Vaults (5/5) D:13
  Crypt (3/3) Vaults:3       Tomb (3/3) Crypt:3      Depths (5/5) D:15
   Hell (1/1)                 Dis (7/7) Hell            Geh (7/7) Hell
    Coc (7/7) Hell            Tar (7/7) Hell            Zot (5/5) Depths:5

Altars:
Dithmenos
Elyvilon
Gozag
Kikubaaqudgha
Makhleb
Nemelex Xobeh
Ru
Trog
Yredelemnul
Zin
The Shining One
Beogh
Jiyva
Lugonu

Shops:
D:11 %   D:12 !   D:14 [   D:15 (   Orc:2 %((}   Elf:1 *   Lair:1 =![
Vaults:1 (!![}?[*%?(   Depths:5 =

Portals:
Hell: Depths:1 Depths:2 Depths:3 Depths:4 Depths:5
Abyss: Depths:1 Depths:4
Pandemonium: Depths:3 Depths:5

Annotations:
Lair:6 ice man
Spider:3 nd w
Coc:7 exclusion: 2 ice statues, Antaeus
Tar:7 Serpent of Hell


Innate Abilities, Weirdness & Mutations

You are small and have problems with some larger weapons.
You are somewhat resistant to further mutation.


Message History

The Orb Guardian hits you but does no damage.
You begin to meditate on the wall.
You continue meditating on the rock.
The Orb Guardian hits you.
You continue meditating on the rock.
The Orb Guardian hits you but does no damage.
You finish merging with the rock.
Unknown command.
Casting: Passwall (safe; 1% risk of failure)
Confirm with . or Enter, or press ? or * to list all spells.
Aiming: Passwall (safe; 1% risk of failure)
Press: ? - help, Dir - move target cursor A rock wall.
This square is covered in magical glow.
You begin to meditate on the wall.
You continue meditating on the rock. x2
You finish merging with the rock.
Unknown command.
There is an open door here.
There is a staircase leading out of the dungeon here.
HP restored.
You have escaped!

#.## ####################
...# #......#.......# .#.#
#......'.......# .#.#
#......#.......# .#.#
#...########...# ##.#######
#...#..'...#...# .....#...#
#...#..#...#...#
.......#'#####'#'##...#...#
.#...###...#...#@##'####'##
###.## #...#...###....#...#
#.# #...#.....#....#...#
#.# #...#.....'....#...#
#.# #...#.....#....#...#
#.# #...############...#
#.# #.........#........#
###.# #.........#........#
....# #.........'........#


There were no monsters in sight!

Vanquished Creatures
  Cerebov (Pan)
  Antaeus (Coc:7)
  Asmodeus (Geh:7)
  the Royal Jelly (Slime:5)
  Dissolution (Slime:2)
  Ereshkigal (Tar:7)
  Gloorx Vloq (Pan)
  Mnoleg (Pan)
  Lom Lobon (Pan)
  Khufu (Crypt:2)
  Mennas (Depths:3)
  Dispater (Dis:7)
  9 ancient liches
  An orb of fire (Zot:5)
  A juggernaut (Zig:12)
  4 greater mummies
  15 shard shrikes
  Margery (Crypt:2)
  Boris (Depths:3)
  Bai Suzhen (Crypt:2)
  2 Killer Klowns (Zig:5)
  Saint Roka (Depths:4)
  2 caustic shrikes (Depths:4)
  6 golden dragons
  Xtahua (Vaults:5)
  Geryon (Hell)
  A profane servitor (Zig:6)
  the Enchantress (Depths:1)
  13 bone dragons
  8 doom hounds
  21 Tzitzimimeh
  An electric golem (Zot:3)
  6 iron giants
  18 Brimstone Fiends
  5 pandemonium lords
  11 liches
  9 Orb Guardians
  8 Hell Sentinels
  10 Ice Fiends
  A shard shrike skeleton (Crypt:2)
  14 tentacled monstrosities
  9 titans
  A kraken (Abyss:3)
  7 quicksilver dragons
  The ghost of Azzok the Metallomancer, an adept GrFE of Vehumet (Spider:2)
  4 deep elf blademasters
  8 deep elf master archers
  20 acid blobs
  26 Executioners
  5 tentacled starspawn
  4 sphinxes
  17 ancient champions
  8 storm dragons
  Kirke (D:13)
  8 tengu reavers
  25 shadow dragons
  Gastronok (D:9)
  17 azure jellies
  A daeva (Abyss:1)
  4 deep elf sorcerers
  7 revenants
  A draconian monk (Zot:3)
  16 fire giants
  5 cacodemons
  An orc warlord (Zig:12)
  10 frost giants
  7 ghost moths
  5 emperor scorpions
  2 caustic shrike zombies
  A warmonger (Pan)
  5 iron dragons
  A draconian shifter (Depths:5)
  2 angels
  6 curse skulls
  19 balrugs
  An elemental wellspring (Coc:7)
  14 vault wardens
  3 spriggan defenders (Depths:1)
  3 draconian annihilators
  7 deep elf elementalists
  A blood saint (Pan)
  14 entropy weavers
  23 very ugly things
  56 reapers
  26 stone giants
  20 ironheart preservers
  3 bennus
  7 starcursed masses
  9 war gargoyles
  13 deep elf demonologists
  An apis (Zig:2)
  Nessos (Orc:2)
  8 ghouls
  3 green draconians
  2 corrupters (Pan)
  15 vampire knights
  19 deep elf annihilators
  2 black draconians (Depths:5)
  3 black suns (Pan)
  16 spark wasps
  A purple draconian (Depths:5)
  Azrael (D:14)
  8 lorocyprocas
  4 red draconians
  A white draconian (Depths:5)
  11 ettins
  5 merfolk javelineers (Shoals:4)
  A minotaur (Lab)
  The ghost of Jesh the Unseen, a journeyman SpEn of Dithmenos (D:13)
  9 deep elf death magi
  3 eidola
  6 mummy priests
  6 quicksilver dragon zombies
  Snorg (Orc:2)
  9 death oozes
  14 blizzard demons
  10 fire dragons
  11 green deaths
  24 yaktaur captains
  Josephine (D:15)
  9 jiangshi
  31 ice dragons
  11 deep elf high priests
  18 great orbs of eyes
  4 kraken zombies
  7 merfolk impalers
  Harold (D:7)
  4 monstrous demonspawn
  35 vault guards
  A ghost crab (Zig:1)
  An ice dragon (shapeshifter) (Depths:4)
  7 rakshasas
  The ghost of Gerstahl the Prestidigitator, a journeyman DsGl of Dithmenos (D:11)
  2 quicksilver dragon skeletons
  7 spriggan air magi
  8 hydras
  3 hell beasts
  The ghost of MirrMurr the Spear-Bearer, a journeyman OpBe of Trog (D:10)
  7 centaur warriors
  A catoblepas (shapeshifter) (Zig:5)
  4 death knights
  5 catoblepae
  14 ogre magi
  2 merfolk avatars
  2 alligator snapping turtles
  35 two-headed ogres
  3 satyrs
  7 tengu warriors
  5 merfolk aquamancers (Shoals:4)
  2 two-headed ogres (shapeshifter) (Vaults:5)
  4 orc high priests (Zig:12)
  10 death scarabs
  6 deep troll earth magi
  27 death yaks
  9 deep troll shamans
  5 spriggan berserkers
  11 vampire magi
  3 thrashing horrors
  29 hell hogs
  Urug (Lair:1)
  6 titan zombies
  37 hell knights
  48 sun demons
  18 iron golems
  25 deep elf knights
  35 soul eaters
  17 shadow wraiths
  4 storm dragon zombies
  A wretched star (Abyss:1)
  127 skeletal warriors
  6 sixfirhies
  3 golden dragon zombies
  A spatial maelstrom (Abyss:1)
  11 iron trolls
  11 titan skeletons
  A quicksilver dragon simulacrum (Tar:4)
  8 anaconda zombies
  21 deep trolls
  A spark wasp zombie (D:15)
  23 shadow demons
  14 glowing orange brains
  3 ghost moth zombies
  4 unseen horrors
  A gelid demonspawn (Pan)
  2 lindwurms (shapeshifter)
  4 storm dragon skeletons
  9 wizards
  A kraken simulacrum (Coc:1)
  A lindwurm (Lair:5)
  13 sea snakes
  27 flayed ghosts
  5 golden dragon skeletons
  12 orc knights
  7 anaconda skeletons
  36 phantasmal warriors
  16 deep elf archers
  16 ironbrand convokers
  68 deep elf magi
  7 torturous demonspawn
  8 shadow dragon zombies
  A harpy (shapeshifter) (D:15)
  10 stone giant zombies
  Pikel (D:7)
  16 necromancers
  3 iron dragon zombies
  13 orb spiders
  5 wolf spider zombies
  9 oklob plants
  A worldbinder (Abyss:1)
  4 fire giant zombies
  11 frost giant zombies
  22 harpies
  A mana viper (shapeshifter) (Zig:5)
  24 wolf spiders
  67 ugly things
  17 fauns
  13 orc sorcerers
  16 shining eyes
  4 shadow dragon skeletons
  9 cyclopes
  16 manticores
  10 merfolk sirens
  7 moths of wrath
  A salamander (shapeshifter) (Vaults:4)
  10 stone giant skeletons
  2 shock serpent zombies
  3 centaur zombies
  28 rust devils
  4 frost giant skeletons
  2 spriggan zombies
  4 iron dragon skeletons
  10 fire giant skeletons
  A guardian serpent (Spider:3)
  6 eyes of devastation
  7 black mambas
  13 smoke demons
  15 molten gargoyles
  5 orange demons
  6 torpor snails
  3 elephants (Lair:3)
  2 ice statues
  6 spiny frogs
  7 gargoyles
  6 dire elephant zombies
  An apocalypse crab (Zig:5)
  8 water nymphs
  An emperor scorpion zombie (Coc:4)
  13 vault sentinels
  A spiny frog (shapeshifter) (Depths:4)
  19 hellions
  3 rime drakes
  A shock serpent skeleton (Geh:3)
  5 dire elephant skeletons
  2 yaktaur zombies (Hell)
  14 komodo dragons
  49 freezing wraiths
  10 kobold demonologists
  6 efreet
  A golden dragon simulacrum (Coc:4)
  2 komodo dragons (shapeshifter)
  56 yaktaurs
  34 demonic crawlers
  33 tormentors
  4 anaconda simulacra
  62 ice devils
  13 guardian mummies
  6 hellwings
  24 red devils
  A queen bee (D:11)
  3 harpy zombies
  13 hydra zombies
  2 tengu conjurers
  A grey draconian skeleton (Crypt:1)
  29 merfolk
  An ancient zyme (Abyss:4)
  3 harpy skeletons
  3 meliai (D:15)
  12 trolls
  A troll (shapeshifter) (Vaults:5)
  2 silent spectres
  24 wind drakes
  23 jumping spiders
  A wolf spider simulacrum (IceCv)
  5 polar bears
  Grinder (D:3)
  14 blink frogs
  5 ettin zombies
  Prince Ribbit (D:5)
  5 hydra skeletons
  3 alligator zombies
  141 slime creatures
  A blink frog (shapeshifter) (Vaults:3)
  A slime creature (shapeshifter) (Depths:5)
  16 dream sheep
  10 hornets
  5 ice dragon zombies
  8 fire dragon zombies
  A hippogriff (shapeshifter) (Depths:1)
  8 raiju
  14 snapping turtles
  An iron dragon simulacrum (Tomb:1)
  A tarantella zombie (Crypt:1)
  A fire giant simulacrum (Coc:1)
  3 black mamba zombies
  A shock serpent simulacrum (Coc:1)
  14 hippogriffs
  2 meliai zombies
  110 flying skulls
  74 redbacks
  14 fire dragon skeletons
  35 shadows
  42 tarantellas
  6 ice dragon skeletons
  A redback (shapeshifter) (Vaults:4)
  4 air elementals
  A black mamba skeleton (Tar:7)
  A tarantella (shapeshifter) (Vaults:1)
  5 spriggans (Depths:1)
  18 water elementals
  3 wyverns
  2 alligator skeletons
  28 wraiths
  6 ettin skeletons
  20 ynoxinuls
  4 ushabtiu
  34 yaks
  A fire bat (Abyss:1)
  10 neqoxecs
  9 golden eyes
  6 hogs
  7 basilisks
  10 chaos spawn
  17 fire elementals
  2 humans
  18 hungry ghosts
  11 vampire mosquitoes
  13 wargs
  53 large abominations
  A yaktaur simulacrum (Vaults:4)
  A soldier ant (shapeshifter) (Vaults:2)
  A torturous demonspawn zombie (Crypt:1)
  A spatial vortex (Abyss:1)
  A tengu zombie (Hell)
  5 acid dragons
  7 spiny frog zombies
  A floating eye (Abyss:3)
  65 hell hounds
  A water moccasin (shapeshifter) (Vaults:5)
  3 porcupines
  A swamp drake (D:11)
  10 water moccasins
  42 orc warriors
  13 phantoms
  16 ice beasts
  4 slaves
  An ice beast (shapeshifter) (Vaults:3)
  2 swamp dragon zombies
  4 sky beasts
  4 black bears (shapeshifter)
  5 black bears
  A manticore zombie (Dis:3)
  45 ogres
  5 spiny frog skeletons
  29 necrophages
  An ice dragon simulacrum (Coc:4)
  28 centaurs
  10 eyes of draining
  3 snapping turtle zombies
  A tengu (shapeshifter) (Vaults:2)
  A snapping turtle skeleton (Pan)
  9 boggarts
  3 elephant zombies (Lair:4)
  6 wolves
  2 swamp dragon skeletons
  6 human skeletons
  13 crocodiles
  24 big kobolds
  A gnoll sergeant (Zig:12)
  Blork the orc (D:5)
  18 bullfrogs
  A draconian skeleton (Crypt:2)
  A wyvern zombie (D:8)
  7 earth elementals
  3 spiny frog simulacra
  A water moccasin zombie (D:7)
  A wyvern skeleton (D:9)
  5 scorpions
  A yak zombie (Crypt:1)
  53 wights
  6 killer bees (D:9)
  8 electric eels
  A troll skeleton (Crypt:2)
  14 small abominations
  10 crimson imps
  5 draconian simulacra (IceCv)
  3 jellies
  A basilisk zombie (Lair:4)
  8 hounds
  2 quasits (Depths:3)
  A bullfrog zombie (D:7)
  19 orc priests
  7 human zombies
  Crazy Yiuf (D:3)
  5 centaur skeletons
  29 iron imps
  Jessica (D:3)
  3 bullfrog skeletons
  10 iguanas
  Ijyb (D:3)
  49 orc wizards
  A demonspawn skeleton (Crypt:2)
  11 hell rats
  2 spriggan simulacra (IceCv)
  12 worker ants
  A polar bear simulacrum (IceCv)
  6 troll simulacra (IceCv)
  2 wolf simulacra (IceCv)
  A naga zombie (Coc:7)
  The ghost of P0WERM0DE the Shield-Bearer, a weakling DDFi (D:3)
  A hound zombie (D:9)
  A hound skeleton (D:9)
  30 mummies
  Robin (D:2)
  A gnoll (D:5)
  4 naga simulacra (IceCv)
  11 adders
  3 ogre simulacra (IceCv)
  A swamp drake skeleton (Crypt:1)
  13 shadow imps
  55 white imps
  2 ufetubi
  An iguana zombie (Crypt:2)
  2 adder skeletons
  An iguana skeleton (Crypt:1)
  4 worms
  A barachi skeleton (Crypt:2)
  A barachi zombie (Crypt:2)
  2 dart slugs (D:1)
  3 leopard geckos
  143 orcs
  6 giant cockroaches
  12 goblins
  13 hobgoblins
  5 jackals
  18 kobolds
  5 quokkas
  A ball python (D:2)
  7 bats
  5 frilled lizards
  A jackal zombie (D:5)
  A kobold skeleton (Crypt:2)
  A leopard gecko skeleton (D:4)
  3 orc zombies (Crypt:2)
  4 rats
  A bush (Lair:5)
  A butterfly (Lair:2)
  4 fire vortices (Pan)
  8 fungi
  A lurking horror (Abyss:3)
  A macabre mass (Abyss:4)
  6 plants
  9 starspawn tentacles
  12 tentacles
4669 creatures vanquished.

Vanquished Creatures (collateral kills)
  2 ancient liches (Zot:5)
  A Killer Klown (Zot:5)
  An electric golem (Zot:5)
  A tentacled monstrosity (Zot:3)
  12 Orb Guardians (Zot:5)
  2 shadow dragons
  A storm dragon (Zot:3)
  A ghost moth (Zot:3)
  A cacodemon (Zot:3)
  A reaper (Zot:5)
  2 draconian shifters
  A green draconian (Zot:5)
  A yellow draconian (Zot:3)
  2 purple draconians (Zot:3)
  2 black draconians (Zot:5)
  A red draconian (Zot:3)
  A mummy priest (Tomb:1)
  A hell beast (Zot:4)
  5 death scarabs (Tomb:3)
  2 hell hogs
  A sixfirhy (Zot:3)
  A shadow demon (Zot:3)
  A shadow dragon zombie (Dis:6)
  A shining eye (Abyss:3)
  A cyclops (shapeshifter) (Vaults:4)
  3 moths of wrath (Zot:3)
  An eye of devastation (Abyss:3)
  A guardian mummy (Tomb:3)
  A red devil (Zot:5)
  A harpy skeleton (Tomb:1)
  3 flying skulls (Tomb:2)
  A ynoxinul (Depths:3)
  An ushabti (Tomb:3)
  4 neqoxecs
  2 golden eyes (Abyss:3)
  3 mummies (Tomb:1)
  A fire vortex (Pan)
68 creatures vanquished.

Vanquished Creatures (others)
  3 greater mummies (Tomb:3)
  2 Killer Klowns (Zot:5)
  A lich (Tomb:2)
  A tentacled monstrosity (Zot:3)
  3 Orb Guardians (Zot:5)
  A Hell Sentinel (Zig:11)
  An Executioner (Dis:7)
  3 eldritch tentacles
  A revenant (Tomb:3)
  2 ancient champions
  A frost giant (Coc:7)
  A draconian stormcaller (Zot:3)
  A very ugly thing (Vaults:1)
  An elemental wellspring (Coc:7)
  A deep elf demonologist (Zig:7)
  A bennu (Tomb:2)
  2 deep elf annihilators (Zig:13)
  A green death (Pan)
  2 blizzard demons
  3 mummy priests
  A merfolk javelineer (Shoals:3)
  2 yaktaur captains
  29 dancing weapons
  17 death scarabs
  5 hell hogs
  A deep elf knight (Elf:3)
  A soul eater (Zot:4)
  3 skeletal warriors
  2 sixfirhies (Zot:3)
  A glowing orange brain (Slime:3)
  A wolf spider (Spider:2)
  A deep elf mage (Elf:1)
  A moth of wrath (Zot:3)
  A cyclops (Shoals:2)
  A yaktaur (Vaults:5)
  8 guardian mummies
  A human (D:15)
  A slime creature (Slime:2)
  A hippogriff (D:15)
  A flying skull (Tomb:2)
  A wraith (Coc:7)
  3 redbacks (Spider:2)
  An ushabti (Tomb:1)
  A merfolk zombie (Coc:4)
  A hell hound (Geh:7)
  A centaur (Depths:3)
  A wyvern skeleton (D:14)
  2 wights
  5 mummies
  An orc (D:13)
  10 fungi
  12 plants
  12 starspawn tentacles
  24 tentacles
  A withered plant (Crypt:3)
187 creatures vanquished.

Grand Total: 4924 creatures vanquished

Notes
Turn   | Place    | Note
-------+----------+-------------------------------------------
     0 | D:1      | Yermak the Halfling Wanderer began the quest for the Orb.
     0 | D:1      | Yermak set off with: a +0 robe, a +0 club, a ration, a wand
                  | of paralysis (15)
     0 | D:1      | Reached XP level 1. HP: 13/13 MP: 3/3
     2 | D:1      | Learned a level 1 spell: Flame Tongue
     4 | D:1      | Learned a level 1 spell: Freeze
   128 | D:1      | You fall through a shaft!
   328 | D:1      | Reached skill level 1 in Ice Magic
   418 | D:1      | Reached XP level 2. HP: 18/18 MP: 0/4
  1530 | D:1      | Reached XP level 3. HP: 21/23 MP: 2/5
  2070 | D:2      | Reached skill level 3 in Ice Magic
  2440 | D:2      | Reached XP level 4. HP: 28/28 MP: 2/6
  3161 | D:2      | Learned a level 2 spell: Sticks to Snakes
  3832 | D:3      | Noticed Jessica
  3869 | D:3      | Killed Jessica
  3869 | D:3      | Reached XP level 5. HP: 36/36 MP: 7/7
  3916 | D:3      | Noticed Ijyb
  4219 | D:2      | Reached skill level 1 in Short Blades
  4271 | D:3      | Reached skill level 3 in Fighting
  4477 | D:3      | Found a runed gate.
  4479 | D:3      | Found a runed gate.
  4479 | D:3      | Noticed P0WERM0DE's ghost (weakling DDFi)
  4480 | D:3      | Found a runed gate.
  4480 | D:3      | Noticed Robin
  4666 | D:2      | Killed Robin
  4960 | D:3      | Found a runed door.
  5062 | D:3      | Noticed Grinder
  5141 | D:4      | Noticed an ogre
  5190 | D:3      | Reached skill level 1 in Stealth
  5257 | D:3      | Killed Ijyb
  5257 | D:3      | Reached XP level 6. HP: 40/42 MP: 1/8
  5406 | D:3      | Reached skill level 2 in Stealth
  5904 | D:4      | Reached skill level 1 in Dodging
  5904 | D:4      | Reached skill level 3 in Stealth
  6106 | D:4      | Killed an ogre
  6106 | D:4      | Reached skill level 4 in Stealth
  6241 | D:5      | Entered Level 5 of the Dungeon
  6266 | D:5      | Noticed Blork the orc
  6274 | D:5      | Killed Blork the orc
  6274 | D:5      | Reached XP level 7. HP: 27/46 MP: 9/9
  6414 | D:5      | Learned a level 1 spell: Beastly Appendage
  6432 | D:5      | Got a steaming broad axe
  6562 | D:5      | Noticed Pikel
  6962 | D:3      | Noticed Crazy Yiuf
  6969 | D:3      | Killed Crazy Yiuf
  7051 | D:3      | Killed Grinder
  7463 | D:5      | Reached skill level 5 in Stealth
  7463 | D:5      | Reached XP level 8. HP: 54/54 MP: 10/10
  7478 | D:5      | Identified the +10 broad axe of Zeeschis {vamp, rC+ MP+9}
                  | (You found it on level 5 of the Dungeon)
  7962 | D:5      | Reached skill level 1 in Axes
  8217 | D:5      | Noticed Prince Ribbit
  8241 | D:5      | Killed Prince Ribbit
  8241 | D:5      | Reached skill level 3 in Evocations
  9473 | D:5      | Reached skill level 3 in Axes
  9978 | D:6      | Noticed Sigmund
 10005 | D:5      | Reached XP level 9. HP: 56/59 MP: 11/11
 10272 | D:6      | Found a glowing silver altar of Zin.
 10284 | D:6      | Reached skill level 6 in Axes
 10286 | D:6      | Noticed Sigmund
 10288 | D:6      | Killed Sigmund the iguana
 10417 | D:6      | Found an opulent altar of Gozag.
 10420 | D:6      | Became a worshipper of Gozag Ym Sagoz the Greedy
 10977 | D:7      | Killed Pikel
 11104 | D:7      | Found a glowing golden altar of the Shining One.
 11166 | D:7      | Found a bloodstained altar of Trog.
 11210 | D:7      | Found a staircase to the Ecumenical Temple.
 11419 | D:7      | Reached XP level 10. HP: 49/68 MP: 12/12
 11453 | D:7      | Found a sacrificial altar of Ru.
 11586 | D:7      | Noticed Harold
 11616 | D:7      | Reached skill level 6 in Fighting
 11640 | D:7      | Reached skill level 9 in Axes
 11932 | D:3      | Killed P0WERM0DE's ghost
 12128 | D:8      | Found a sparkling altar of Nemelex Xobeh.
 12190 | D:8      | Reached skill level 1 in Armour
 12205 | D:8      | Found an ancient bone altar of Kikubaaqudgha.
 12372 | D:8      | Reached skill level 3 in Armour
 12394 | D:8      | Found a flagged portal.
 12409 | Bailey   | Entered a bailey
 12570 | Bailey   | HP: 3/102 [orc warrior/glaive (14)]
 12705 | Bailey   | Noticed an orc knight
 12875 | Bailey   | Noticed an orc knight
 12897 | Bailey   | Killed an orc knight
 12897 | Bailey   | Reached XP level 11. HP: 72/72 MP: 13/13
 12935 | Bailey   | Killed an orc knight
 12969 | Bailey   | Noticed an orc knight
 12974 | Bailey   | Noticed an orc knight
 12974 | Bailey   | Noticed an orc knight
 13280 | D:8      | Reached skill level 12 in Axes
 13848 | D:7      | Killed Harold
 13864 | D:7      | Learned a level 1 spell: Animate Skeleton
 13915 | D:9      | Noticed Gastronok
 13927 | D:9      | Killed Gastronok
 13959 | D:9      | Found a runed door.
 14557 | D:9      | Found a runed door.
 15173 | D:9      | Reached XP level 12. HP: 67/79 MP: 14/14
 15231 | D:10     | Entered Level 10 of the Dungeon
 15333 | D:10     | Got a twisted chain mail
 15364 | D:10     | Identified the +5 chain mail of Zin's Delight {*Corrode
                  | rPois Int+4} (You found it on level 10 of the Dungeon)
 15386 | D:10     | Identified a scroll of acquirement
 15388 | D:10     | Got a pair of distressingly furry gloves
 15399 | D:10     | Identified the +0 pair of gloves of Nuguar {Dex+4} (You
                  | acquired it on level 10 of the Dungeon)
 15516 | D:10     | Found a shadowy altar of Dithmenos.
 15853 | D:10     | Found a runed gate.
 15854 | D:10     | Noticed MirrMurr's ghost (journeyman OpBe)
 15855 | D:10     | Found a runed gate.
 15855 | D:10     | Found a runed gate.
 15882 | D:10     | Killed MirrMurr's ghost
 15882 | D:10     | Reached skill level 6 in Armour
 16183 | D:11     | Found a runed gate.
 16183 | D:11     | Found a runed gate.
 16183 | D:11     | Found a runed gate.
 16183 | D:11     | Noticed Gerstahl's ghost (journeyman DsGl)
 16190 | D:11     | Found a staircase to the Orcish Mines.
 16204 | D:11     | Noticed Sonja
 16205 | D:11     | Noticed Sonja
 16205 | D:11     | Sonja changed into Sonja the queen bee
 16214 | D:11     | Killed Sonja the queen bee
 16255 | D:11     | Killed an unseen horror
 16643 | D:11     | Noticed a two-headed ogre
 16657 | D:11     | Killed a two-headed ogre
 16657 | D:11     | Reached skill level 3 in Dodging
 16732 | D:11     | Found a staircase to the Lair.
 16796 | D:11     | Reached skill level 9 in Fighting
 17026 | D:11     | Found Ros Nahe's Food Shoppe.
 17176 | Lair:1   | Entered Level 1 of the Lair of Beasts
 17251 | Lair:1   | Noticed Urug
 17283 | Lair:1   | Killed Urug
 17283 | Lair:1   | Reached XP level 13. HP: 48/90 MP: 15/15
 18448 | Lair:2   | Found a hole to the Spider Nest.
 18664 | Lair:2   | Got a crude bronze ring
 18749 | Lair:2   | Noticed an eight-headed hydra
 18754 | Lair:2   | Killed an eight-headed hydra
 18926 | Lair:2   | Found a staircase to the Shoals.
 19457 | Lair:3   | Reached skill level 15 in Axes
 19626 | Lair:3   | Reached XP level 14. HP: 77/99 MP: 17/17
 19856 | Lair:3   | Identified the ring of the Magpie {*Tele rElec rC- SInv}
                  | (You took it off a centaur on level 2 of the Lair of
                  | Beasts)
 20879 | Lair:4   | Reached skill level 6 in Dodging
 21523 | Lair:6   | Entered Level 6 of the Lair of Beasts
 21566 | Lair:6   | Found a frozen archway.
 21581 | Lair:6   | Reached skill level 9 in Armour
 21673 | IceCv    | Entered an ice cave
 21926 | IceCv    | Found an ancient bone altar of Kikubaaqudgha.
 22734 | Lair:6   | Reached XP level 15. HP: 74/103 MP: 18/18
 23833 | Lair:5   | Reached skill level 18 in Axes
 23916 | Lair:5   | Reached skill level 9 in Dodging
 23916 | Lair:5   | Reached skill level 6 in Evocations
 24360 | Lair:5   | Found a runed door.
 24360 | Lair:5   | Found a viscous altar of Jiyva.
 24360 | Lair:5   | Found a staircase to the Slime Pits.
 24360 | Lair:5   | Noticed an azure jelly
 24360 | Lair:5   | Noticed an azure jelly
 24624 | Lair:5   | Identified a +2 pair of boots of running (You acquired it
                  | on level 5 of the Lair of Beasts)
 24895 | D:12     | Found Lomeir's Distillery.
 25897 | D:13     | Noticed Kirke
 25923 | D:13     | Killed Kirke
 25923 | D:13     | Reached XP level 16. HP: 111/111 MP: 21/21
 25992 | D:13     | Found a labyrinth entrance.
 26010 | Lab      | Entered a labyrinth
 26480 | Lab      | Got a fine plate armour
 26480 | Lab      | Got a jewelled plate armour
 26491 | Lab      | Identified the +10 plate armour "Vesioh" {+Fly rC+ Str+3}
                  | (You found it in a labyrinth)
 26501 | Lab      | Identified the +10 plate armour of Befaf {rC+ rN+ Dex-4}
                  | (You found it in a labyrinth)
 26570 | D:13     | Found a white marble altar of Elyvilon.
 26649 | D:13     | Found a gate to the Vaults.
 27015 | D:13     | Found a runed gate.
 27016 | D:13     | Noticed Jesh's ghost (journeyman SpEn)
 27017 | D:13     | Found a runed gate.
 27017 | D:13     | Found a runed gate.
 27381 | D:14     | You fall through a shaft!
 27381 | D:15     | Entered Level 15 of the Dungeon
 27736 | D:15     | Found Ezxij's Weapon Emporium.
 28010 | D:15     | Noticed Josephine
 28036 | D:15     | Killed Josephine
 28101 | D:15     | Found an opulent altar of Gozag.
 28279 | D:15     | Reached skill level 12 in Fighting
 28338 | D:15     | Found a staircase to the Depths.
 28730 | D:14     | Found Xomugy's Armour Shop.
 28730 | D:14     | Noticed Azrael
 28748 | D:14     | Killed Azrael
 28970 | D:14     | Found a glowing golden altar of the Shining One.
 29360 | D:11     | Killed Gerstahl's ghost
 29511 | D:13     | Reached XP level 17. HP: 123/123 MP: 23/23
 29543 | D:13     | Killed Jesh's ghost
 29588 | D:13     | Got a wavering pewter ring
 29609 | D:13     | Identified the ring "Kediah" {rElec rF+ Slay+3} (You found
                  | it on level 13 of the Dungeon)
 29711 | Orc:1    | Entered Level 1 of the Orcish Mines
 30118 | Orc:2    | Entered Level 2 of the Orcish Mines
 30153 | Orc:2    | Noticed Snorg
 30167 | Orc:2    | Killed Snorg
 30170 | Orc:2    | Noticed Nessos
 30181 | Orc:2    | Killed Nessos
 30272 | Orc:2    | Found a roughly hewn altar of Beogh.
 30296 | Orc:2    | Found Hahepiud's Gadget Shoppe.
 30296 | Orc:2    | Found Silom's Antique Weapon Shop.
 30384 | Orc:2    | Found a staircase to the Elven Halls.
 30504 | Orc:2    | Found Jazetau's Antique Weapon Shoppe.
 30511 | Orc:2    | Found Jioczops's Food Shop.
 31082 | Orc:2    | Bought a wand of clouds (5) for 432 gold pieces
 31082 | Orc:2    | Bought a wand of acid (7) for 352 gold pieces
 31229 | Lair:1   | Bought the ring "Xiezito" {rPois MR+ Int+7 Dex+5} for 1166
                  | gold pieces
 31229 | Lair:1   | Bought the amulet "Seruy" {Reflect Int+4 Dex+2 Slay+5 SH+5}
                  | for 1554 gold pieces
 31267 | Spider:1 | Entered Level 1 of the Spider Nest
 32260 | Spider:1 | Found the +3 pair of gauntlets of War {Slay+5}
 32386 | Spider:2 | Reached skill level 9 in Evocations
 32422 | Spider:2 | Reached skill level 12 in Armour
 32882 | Spider:2 | Found a runed door.
 32886 | Spider:2 | Noticed Azzok's ghost (adept GrFE)
 32899 | Spider:2 | Killed Azzok's ghost
 32899 | Spider:2 | Reached skill level 1 in Throwing
 32899 | Spider:2 | Reached XP level 18. HP: 115/132 MP: 24/24
 33083 | Spider:3 | Reached skill level 3 in Throwing
 33641 | Spider:4 | Entered Level 4 of the Spider Nest
 34209 | Spider:4 | Reached skill level 6 in Throwing
 34734 | Spider:4 | Got a gossamer rune of Zot
 35016 | Vaults:1 | Entered Level 1 of the Vaults
 35180 | Vaults:1 | Reached XP level 19. HP: 137/137 MP: 25/25
 35238 | Vaults:1 | Reached skill level 9 in Throwing
 35564 | Vaults:1 | Noticed a lich
 35586 | Vaults:1 | Killed a lich
 35592 | Vaults:1 | Found Qytepif's Food Emporium.
 35702 | Vaults:1 | Reached skill level 15 in Fighting
 35771 | Vaults:1 | Learned a level 3 spell: Regeneration
 35774 | Vaults:1 | Learned a level 2 spell: Passwall
 35779 | Vaults:1 | Learned a level 4 spell: Passage of Golubria
 35786 | Vaults:1 | Learned a level 6 spell: Deflect Missiles
 35878 | Vaults:1 | Identified the +2 chain mail "Umarph" {Str+3} (You found it
                  | on level 1 of the Vaults)
 36007 | Vaults:1 | Identified the +4 plate armour of Salvation {Int+2 SInv}
                  | (You found it on level 1 of the Vaults)
 36198 | Vaults:1 | Found Ejuhi's Magic Scroll Emporium.
 36210 | Vaults:1 | Found Acrab's Weapon Shoppe.
 37005 | Vaults:2 | Reached skill level 12 in Throwing
 37068 | Vaults:2 | Reached XP level 20. HP: 142/147 MP: 26/26
 37671 | Vaults:2 | Reached skill level 12 in Dodging
 37820 | Vaults:2 | Reached skill level 15 in Armour
 38772 | Vaults:3 | You fall through a shaft!
 38835 | Vaults:4 | Found a flickering gateway to a bazaar.
 38865 | Bazaar   | Entered a bazaar
 38865 | Bazaar   | Found Tyiwn's Book Boutique.
 38865 | Bazaar   | Found Deerr's Weapon Shop.
 38865 | Bazaar   | Found Voefi's General Store.
 38865 | Bazaar   | Found Fomopitt's Jewellery Boutique.
 38887 | Bazaar   | Bought a scroll of fog for 24 gold pieces
 38889 | Bazaar   | Bought a book of Minor Magic for 180 gold pieces
 38892 | Bazaar   | Learned a level 2 spell: Blink
 38892 | Bazaar   | Bought a manual of Earth Magic for 993 gold pieces
 38934 | Vaults:4 | Reached skill level 1 in Translocations
 39153 | Vaults:4 | Reached XP level 21. HP: 153/153 MP: 29/29
 39213 | Vaults:4 | Reached skill level 3 in Translocations
 39458 | Vaults:4 | Reached skill level 3 in Spellcasting
 40355 | Vaults:3 | Reached skill level 12 in Evocations
 40360 | Vaults:3 | Reached skill level 6 in Translocations
 40841 | Vaults:3 | Found a staircase to the Crypt.
 41525 | Shoals:1 | Entered Level 1 of the Shoals
 41593 | Shoals:1 | Identified the Catalogue of Boosts
 41784 | Shoals:1 | Identified the +2 pair of gloves "Bifih" {rC+} (You found
                  | it on level 1 of the Shoals)
 42040 | Shoals:1 | Reached XP level 22. HP: 160/160 MP: 31/31
 42041 | Shoals:1 | Reached skill level 9 in Translocations
 42041 | Shoals:1 | Reached XP level 23. HP: 165/165 MP: 32/32
 42666 | Shoals:2 | Reached XP level 24. HP: 171/171 MP: 32/32
 43130 | Shoals:3 | Found a transporter.
 43370 | Shoals:3 | Found a transporter.
 43601 | Shoals:3 | Got a wavering bronze ring
 43612 | Shoals:3 | Got a fine jade ring
 43622 | Shoals:3 | Identified the ring of Lem Miog {Str-5 Int+2 Dex+2 Stlth-}
                  | (You found it on level 3 of the Shoals)
 43624 | Shoals:3 | Identified the ring "Miziy" {+Fly rElec rC+ Str-3 Int+8}
                  | (You found it on level 3 of the Shoals)
 43640 | Shoals:4 | Entered Level 4 of the Shoals
 43893 | Shoals:4 | Got a barnacled rune of Zot
 44855 | Vaults:1 | Bought a transparent helmet for 408 gold pieces
 44855 | Vaults:1 | Identified the +0 helmet "Paeni" {rElec Int+4} (You bought
                  | it in a shop on level 1 of the Vaults)
 45002 | Elf:1    | Entered Level 1 of the Elven Halls
 45064 | Elf:1    | Found Zuuc's General Store.
 45245 | Elf:1    | Identified the Incunabulum of Companions
 45985 | Elf:2    | Found a huge runed gate.
 45985 | Elf:2    | Found a huge runed gate.
 45985 | Elf:2    | Found a huge runed gate.
 45985 | Elf:2    | Found a huge runed gate.
 45985 | Elf:2    | Found a huge runed gate.
 45993 | Elf:2    | Found a huge runed gate.
 45993 | Elf:2    | Found a huge runed gate.
 45993 | Elf:2    | Found a huge runed gate.
 46005 | Elf:2    | Found a huge runed gate.
 46005 | Elf:2    | Found a huge runed gate.
 46005 | Elf:2    | Found a huge runed gate.
 46005 | Elf:2    | Found a huge runed gate.
 46005 | Elf:2    | Found a huge runed gate.
 46005 | Elf:2    | Found a huge runed gate.
 46005 | Elf:2    | Found a huge runed gate.
 46006 | Elf:2    | Found a huge runed gate.
 46060 | Elf:2    | Reached skill level 15 in Dodging
 46171 | Elf:2    | Found a huge runed gate.
 46177 | Elf:2    | Found a huge runed gate.
 46205 | Elf:2    | Found a huge runed gate.
 46206 | Elf:2    | Found a huge runed gate.
 46207 | Elf:2    | Found a huge runed gate.
 46207 | Elf:2    | Found a huge runed gate.
 46208 | Elf:2    | Found a huge runed gate.
 46218 | Elf:2    | Found a huge runed gate.
 46218 | Elf:2    | Found a huge runed gate.
 46218 | Elf:2    | Found a huge runed gate.
 46376 | Elf:2    | Found a huge runed gate.
 46376 | Elf:2    | Found a huge runed gate.
 46376 | Elf:2    | Found a huge runed gate.
 46376 | Elf:2    | Found a huge runed gate.
 46381 | Elf:2    | Found a huge runed gate.
 46453 | Elf:2    | Reached skill level 12 in Translocations
 46857 | Elf:2    | Reached XP level 25. HP: 177/177 MP: 32/32
 46913 | Elf:2    | Learned a level 2 spell: Song of Slaying
 46938 | Elf:2    | Reached skill level 18 in Armour
 47006 | Elf:3    | Entered Level 3 of the Elven Halls
 47063 | Elf:3    | Reached skill level 1 in Charms
 47362 | Elf:3    | Reached skill level 3 in Charms
 47532 | Elf:3    | Got a glittering pewter ring
 47533 | Elf:3    | Identified the ring "Uloem" {Str+3 Int+3} (You found it on
                  | level 3 of the Elven Halls)
 47553 | Elf:3    | Identified the +5 scale mail "Onoqoe Empiu" {rElec Dex-4
                  | SInv} (You found it on level 3 of the Elven Halls)
 47589 | Elf:3    | Found the +8 frozen axe "Frostbite" {freezing cloud, *Noise
                  | +Fly rC+}
 47616 | Elf:3    | Identified the Reference Book on Freezing Arcane Weapons
 48225 | Depths:1 | Entered Level 1 of the Depths
 48313 | Depths:1 | Noticed the Enchantress
 48325 | Depths:1 | Reached skill level 6 in Charms
 48327 | Depths:1 | Killed the Enchantress
 48583 | Depths:1 | Identified the +1 faerie dragon scales {rC++ rCorr} (You
                  | took it off the Enchantress on level 1 of the Depths)
 48637 | Depths:1 | Found the +8 whip "Snakebite" {curare, rPois}
 48717 | Depths:1 | Found a runed door.
 48949 | Depths:1 | Found a corrupted altar of Lugonu.
 48949 | Depths:1 | Found a one-way gate to the infinite horrors of the Abyss.
 49012 | Depths:1 | Found a gateway to Hell.
 49214 | Depths:1 | Reached XP level 26. HP: 159/183 MP: 32/32
 49251 | Depths:1 | Identified the cursed +0 plate armour of the Unbroken
                  | {rElec Slay+3} (You took it off a spriggan on level 1 of
                  | the Depths)
 49560 | Depths:2 | Learned a level 1 spell: Apportation
 49564 | Depths:2 | Learned a level 3 spell: Portal Projectile
 49735 | Depths:2 | Reached skill level 18 in Dodging
 49759 | Depths:2 | Got a pitted golden ring
 49765 | Depths:2 | Got a bound steel amulet
 49768 | Depths:2 | Got a slimy bronze amulet
 49769 | Depths:2 | Identified the amulet "Iseywku" {Acrobat Dex+4} (You took
                  | it off a deep elf death mage on level 2 of the Depths)
 49771 | Depths:2 | Identified the ring of Atseyng {+Inv MR+} (You took it off
                  | a vampire knight on level 2 of the Depths)
 49772 | Depths:2 | Identified the amulet "Olial" {Faith rC+ Stlth+} (You found
                  | it on level 2 of the Depths)
 49776 | Depths:2 | Got a scintillating bone ring
 49777 | Depths:2 | Identified the ring "Hyczerek" {+Fly rN+ Dex+5} (You found
                  | it on level 2 of the Depths)
 50596 | Depths:3 | Found a gateway to a ziggurat.
 50599 | Depths:3 | Noticed Boris
 50633 | Depths:3 | Killed Boris
 50681 | Depths:3 | Noticed Mennas
 50704 | Depths:3 | Killed Mennas
 50805 | Depths:3 | Found a one-way gate leading to the halls of Pandemonium.
 51231 | Depths:4 | Reached skill level 1 in Necromancy
 51231 | Depths:4 | Reached XP level 27. HP: 189/189 MP: 32/32
 51411 | Depths:4 | Noticed Saint Roka
 51447 | Depths:4 | Killed Saint Roka
 51572 | Depths:4 | Reached skill level 3 in Necromancy
 51602 | Depths:4 | Reached skill level 21 in Armour
 52350 | Depths:4 | Identified the Reference Book on Self-Knowledge and Snow
 52788 | Depths:5 | Entered Level 5 of the Depths
 52924 | Depths:5 | Reached skill level 1 in Air Magic
 52969 | Depths:5 | Found Deotu's Jewellery Shop.
 53055 | Depths:5 | Reached skill level 6 in Necromancy
 53157 | Depths:5 | Reached skill level 3 in Air Magic
 53258 | Depths:5 | Reached skill level 9 in Charms
 53604 | Depths:5 | Found a gate to the Realm of Zot.
 53767 | Depths:5 | Identified the +1 pair of gloves "Jannulyk" {Int+9} (You
                  | found it on level 5 of the Depths)
 54225 | Depths:5 | Learned a level 4 spell: Summon Lightning Spire
 54686 | Vaults:5 | Entered Level 5 of the Vaults
 54690 | Vaults:5 | Noticed Xtahua
 54709 | Vaults:5 | Reached skill level 6 in Air Magic
 54730 | Vaults:5 | Killed Xtahua
 54845 | Vaults:5 | Reached skill level 9 in Air Magic
 55083 | Vaults:5 | Got a fine brass amulet
 55137 | Vaults:5 | Reached skill level 6 in Spellcasting
 55157 | Vaults:5 | Got a ring of the Octopus King
 55159 | Vaults:5 | Identified a ring of the Octopus King {rN+ AC+1 EV+1 Str+1
                  | Int+1 Dex+1} (You took it off an entropy weaver on level 5
                  | of the Vaults)
 55162 | Vaults:5 | Identified the amulet of the Will of the Gods {*Drain rC+
                  | Regen+ Str-3 Dex+10} (You took it off a frost giant on
                  | level 5 of the Vaults)
 55174 | Vaults:5 | Identified the Volume of the Escort
 55183 | Vaults:5 | Identified Happodo's Handbook of Ghastly Flight
 55304 | Vaults:5 | Reached skill level 12 in Charms
 55881 | Vaults:5 | Noticed an ancient lich
 55898 | Vaults:5 | Killed an ancient lich
 55913 | Vaults:5 | Got a silver rune of Zot
 55937 | Vaults:5 | Noticed an ancient lich
 55950 | Vaults:5 | Killed an ancient lich
 56200 | Vaults:5 | Identified the ring of Huykkocs {*Tele rC- rN+ Str+3 Int+6}
                  | (You found it on level 5 of the Vaults)
 57412 | Slime:1  | Entered Level 1 of the Pits of Slime
 57599 | Slime:3  | Noticed Dissolution
 57618 | Slime:2  | Killed Dissolution
 57751 | Slime:3  | Reached skill level 1 in Hexes
 59283 | Slime:5  | Entered Level 5 of the Pits of Slime
 59355 | Slime:5  | Found a viscous altar of Jiyva.
 59356 | Slime:5  | Noticed the Royal Jelly
 59392 | Slime:5  | Killed the Royal Jelly
 59470 | Slime:5  | Got a translucent tin ring
 59494 | Slime:5  | Got a transparent copper amulet
 59506 | Slime:5  | Got a slimy rune of Zot
 59557 | Slime:5  | Identified the +1 troll leather armour "Ampiez" {rElec rN+
                  | Regen+} (You found it on level 5 of the Pits of Slime)
 60256 | Slime:4  | Identified the ring "Zimutedo" {rPois rC+} (You found it on
                  | level 5 of the Pits of Slime)
 60257 | Slime:4  | Identified the amulet "Neosoi Qobb" {Harm *Drain Int+3
                  | Dex+6} (You found it on level 5 of the Pits of Slime)
 60665 | Crypt:1  | Entered Level 1 of the Crypt
 60679 | Crypt:1  | Reached skill level 15 in Evocations
 60693 | Crypt:1  | Reached skill level 18 in Fighting
 62092 | Crypt:2  | Noticed Khufu
 62181 | Crypt:2  | Noticed Margery
 62204 | Crypt:2  | Killed Margery
 62756 | Crypt:2  | Killed Khufu
 62894 | Crypt:2  | Noticed Bai Suzhen
 62912 | Crypt:2  | Killed Bai Suzhen
 63049 | Crypt:2  | Reached skill level 1 in Summonings
 63185 | Crypt:2  | Found a basalt altar of Yredelemnul.
 63383 | Crypt:3  | Entered Level 3 of the Crypt
 63641 | Crypt:3  | Reached skill level 3 in Summonings
 63846 | Crypt:3  | Reached skill level 6 in Stealth
 63855 | Crypt:3  | Found a staircase to the Tomb.
 64294 | Crypt:3  | Got a scintillating lapis lazuli ring
 64294 | Crypt:3  | Got a fine steel ring
 64295 | Crypt:3  | Identified the ring of Liberty {rF+ rC- rN+ MR+ Dex+5} (You
                  | found it on level 3 of the Crypt)
 64296 | Crypt:3  | Identified the ring of Free Will {rN+ Str+6 Int-5} (You
                  | found it on level 3 of the Crypt)
 64437 | Crypt:3  | Reached skill level 7 in Stealth
 64740 | Crypt:3  | Found an ancient bone altar of Kikubaaqudgha.
 64742 | Crypt:3  | Noticed an ancient lich
 64760 | Crypt:3  | Killed an ancient lich
 64760 | Crypt:3  | Reached skill level 8 in Stealth
 64807 | Crypt:3  | Identified the Disquisition on Darkness
 64826 | Crypt:3  | Noticed an ancient lich
 64842 | Crypt:3  | Killed an ancient lich
 64842 | Crypt:3  | Reached skill level 9 in Stealth
 65360 | Lair:1   | Bought a blackened chain mail for 332 gold pieces
 65360 | Lair:1   | Identified the +8 chain mail of Insecurity {rN+ MR+} (You
                  | bought it in a shop on level 1 of the Lair of Beasts)
 65371 | Lair:1   | Bought a warped scale mail for 315 gold pieces
 65371 | Lair:1   | Bought a glowing shield for 262 gold pieces
 65381 | Lair:1   | Identified the +4 scale mail of the Komodo Dragon {rElec
                  | rC- MR+} (You bought it in a shop on level 1 of the Lair of
                  | Beasts)
 65511 | Vaults:1 | Bought a brightly glowing scale mail for 387 gold pieces
 65521 | Vaults:1 | Identified the +6 scale mail of Going Fast {+Blink} (You
                  | bought it in a shop on level 1 of the Vaults)
 65543 | Vaults:1 | Bought the +3 hat of Pondering {ponderous, MR+ MP+10 Int+5}
                  | for 952 gold pieces
 65543 | Vaults:1 | Found the +3 hat of Pondering {ponderous, MR+ MP+10 Int+5}
 65564 | Vaults:1 | Identified the +4 helmet of Surprise {-Cast rPois Int+3
                  | Dex-4 Slay+6} (You acquired it on level 1 of the Vaults)
 65567 | Vaults:1 | Found the +2 pair of boots of the Assassin {Detection Stab+
                  | Stlth++}
 65625 | Vaults:1 | Bought a scroll of acquirement for 728 gold pieces
 65672 | Vaults:1 | Got a jewelled scale mail
 65683 | Vaults:1 | Identified the +1 scale mail "Oskopor" {rPois MR- Str+3}
                  | (You acquired it on level 1 of the Vaults)
 65717 | Vaults:1 | Learned a level 3 spell: Lesser Beckoning
 65723 | Vaults:1 | Learned a level 5 spell: Borgnjor's Vile Clutch
 65724 | Vaults:1 | Bought a scroll of amnesia for 84 gold pieces
 65733 | Vaults:1 | Bought a potion of agility for 84 gold pieces
 65733 | Vaults:1 | Bought 2 potions of haste for 420 gold pieces
 65736 | Vaults:1 | Bought a scroll of fog for 48 gold pieces
 65736 | Vaults:1 | Bought a scroll of identify for 48 gold pieces
 65852 | Lair:1   | Bought a potion of agility for 68 gold pieces
 65852 | Lair:1   | Bought a potion of agility for 68 gold pieces
 65852 | Lair:1   | Bought a potion of resistance for 170 gold pieces
 65852 | Lair:1   | Bought 2 potions of cancellation for 272 gold pieces
 65922 | D:12     | Bought a potion of heal wounds for 80 gold pieces
 65922 | D:12     | Bought a potion of cancellation for 128 gold pieces
 65922 | D:12     | Bought a potion of haste for 160 gold pieces
 65978 | Vaults:1 | Bought 2 potions of invisibility for 336 gold pieces
 66025 | Vaults:1 | Bought a scroll of teleportation for 42 gold pieces
 66025 | Vaults:1 | Bought a scroll of magic mapping for 49 gold pieces
 66025 | Vaults:1 | Bought a scroll of teleportation for 42 gold pieces
 66025 | Vaults:1 | Bought a scroll of identify for 28 gold pieces
 66025 | Vaults:1 | Bought a scroll of identify for 28 gold pieces
 66073 | Vaults:1 | Bought a potion of cancellation for 168 gold pieces
 66073 | Vaults:1 | Bought a potion of agility for 84 gold pieces
 66073 | Vaults:1 | Bought a potion of heal wounds for 105 gold pieces
 66073 | Vaults:1 | Bought a potion of magic for 168 gold pieces
 66260 | Pan      | Entered the realm of Gloorx Vloq.
 66260 | Pan      | Entered Pandemonium
 66268 | Pan      | Reached skill level 6 in Summonings
 66270 | Pan      | Reached skill level 1 in Earth Magic
 66279 | Pan      | Reached skill level 3 in Earth Magic
 66303 | Pan      | Found an exit through the horrors of the Abyss.
 66525 | Pan      | Reached skill level 6 in Earth Magic
 66781 | Pan      | Reached skill level 9 in Earth Magic
 67163 | Pan      | Reached skill level 10 in Stealth
 67358 | Pan      | Noticed Gloorx Vloq
 67396 | Pan      | Got a dark rune of Zot
 67651 | Pan      | Killed Gloorx Vloq
 67651 | Pan      | Reached skill level 11 in Stealth
 67651 | Pan      | Reached skill level 12 in Earth Magic
 67846 | Pan      | Found a runed door.
 67857 | Pan      | Found a runed door.
 67860 | Pan      | Found a runed door.
 67866 | Pan      | Found a runed door.
 67875 | Pan      | Identified Sif Muna's Primer on Magic
 67894 | Pan      | Entered the realm of Mnoleg.
 68054 | Pan      | Noticed Mnoleg
 68062 | Pan      | Killed Mnoleg
 68062 | Pan      | Reached skill level 12 in Stealth
 68064 | Pan      | Gained mutation: You are weak. (Str -2) [a neqoxec]
 68076 | Pan      | Gained mutation: Scrolls take you a little longer to read.
                  | [a cacodemon]
 68087 | Pan      | Got a glowing rune of Zot
 68092 | Pan      | Lost mutation: Scrolls take you a little longer to read.
                  | [potion of mutation]
 68092 | Pan      | Lost mutation: You are weak. (Str -2) [potion of mutation]
 68092 | Pan      | Gained mutation: You occasionally shout uncontrollably at
                  | your foes. [potion of mutation]
 68092 | Pan      | Gained mutation: You expend magic power (3 MP) to
                  | strengthen your wands. [potion of mutation]
 68093 | Pan      | Lost mutation: You occasionally shout uncontrollably at
                  | your foes. [potion of mutation]
 68093 | Pan      | Lost mutation: You expend magic power (3 MP) to strengthen
                  | your wands. [potion of mutation]
 68196 | Pan      | Reached skill level 13 in Stealth
 68453 | Pan      | Found an exit through the horrors of the Abyss.
 68595 | Pan      | Reached skill level 14 in Stealth
 68638 | Pan      | Noticed Myfrot the pandemonium lord
 68640 | Pan      | Killed Myfrot the pandemonium lord
 68886 | Pan      | Reached skill level 15 in Stealth
 69006 | Pan      | Noticed Ynakkipu the pandemonium lord
 69033 | Pan      | Killed Ynakkipu the pandemonium lord
 69061 | Pan      | Reached skill level 16 in Stealth
 69265 | Pan      | Identified Duog's Almanac of the Snowflakes and Aid
 69350 | Pan      | Entered the realm of Cerebov.
 69446 | Pan      | Reached skill level 17 in Stealth
 69725 | Pan      | Identified the ring of Coofucam {rC+ Str+5 Int+9 Dex-2
                  | Stlth+} (You took it off a balrug in Pandemonium)
 69754 | Pan      | Reached skill level 18 in Stealth
 69896 | Pan      | Identified the ring of the Lobster {-Tele AC+6 Dex+5} (You
                  | found it in Pandemonium)
 69964 | Pan      | Identified Waenolas's Grimoire of Transmutation and
                  | Darkness
 69971 | Pan      | Identified the Tome of Conjuration
 70039 | Pan      | Noticed Cerebov
 70060 | Pan      | Killed Cerebov
 70076 | Pan      | Got a fiery rune of Zot
 70206 | Pan      | Entered the realm of Lom Lobon.
 70206 | Pan      | Noticed Lom Lobon
 70208 | Pan      | Killed Lom Lobon
 70208 | Pan      | Reached skill level 19 in Stealth
 70292 | Pan      | Reached skill level 20 in Stealth
 70363 | Pan      | Got a magical rune of Zot
 70864 | Pan      | Reached skill level 21 in Stealth
 70873 | Pan      | Noticed Rakeschutt the pandemonium lord
 70985 | Pan      | Killed Rakeschutt the pandemonium lord
 71274 | Pan      | Noticed Eckammoi the pandemonium lord
 71287 | Pan      | Killed Eckammoi the pandemonium lord
 71336 | Pan      | Got a demonic rune of Zot
 71400 | Pan      | Found an exit through the horrors of the Abyss.
 71413 | Pan      | Identified the Reference Book on Unstable Translocation
 71431 | Pan      | Reached skill level 22 in Stealth
 71505 | Pan      | Took an exit into the Abyss.
 71505 | Abyss:1  | Escaped into the Abyss
 71552 | Abyss:1  | Found a corrupted altar of Lugonu.
 71606 | Abyss:1  | Found a corrupted altar of Lugonu.
 71741 | Abyss:1  | Found a shimmering altar of Xom.
 71764 | Abyss:1  | Found a shimmering altar of Xom.
 71794 | Abyss:1  | Found a shimmering altar of Xom.
 72207 | Abyss:3  | Gained mutation: Your mind is acute. (Int +2) [a shining
                  | eye]
 72222 | Abyss:3  | Found a corrupted altar of Lugonu.
 72238 | Abyss:3  | Paralysed by a floating eye for 4 turns
 72254 | Abyss:3  | Paralysed by a floating eye for 3 turns
 72264 | Abyss:3  | Paralysed by a floating eye for 4 turns
 72269 | Abyss:3  | Identified the ring of Eternal Night {Ice MR+ SInv} (You
                  | found it on level 3 of the Abyss)
 72274 | Abyss:3  | Paralysed by a floating eye for 4 turns
 72446 | Abyss:4  | Found a corrupted altar of Lugonu.
 72483 | Abyss:4  | Got an abyssal rune of Zot
 72712 | Depths:3 | Escaped the Abyss
 72730 | Zig:1    | Entered Level 1 of a ziggurat
 72741 | Zig:1    | Reached skill level 23 in Stealth
 72758 | Zig:2    | Entered Level 2 of a ziggurat
 72776 | Zig:3    | Entered Level 3 of a ziggurat
 72776 | Zig:3    | Noticed a greater mummy
 72780 | Zig:3    | Killed a greater mummy
 72780 | Zig:3    | Reached skill level 9 in Spellcasting
 72809 | Zig:4    | Entered Level 4 of a ziggurat
 72827 | Zig:5    | Entered Level 5 of a ziggurat
 72898 | Zig:6    | Entered Level 6 of a ziggurat
 72951 | Zig:6    | Learned a level 8 spell: Controlled Blink
 72996 | Zig:7    | Entered Level 7 of a ziggurat
 73005 | Zig:7    | Identified the +4 pair of gloves "Orouduex" {rF+ Stlth+}
                  | (You found it on level 7 of a ziggurat)
 73006 | Zig:7    | Identified the amulet of Venimun {Harm *Drain rN+ Str+2}
                  | (You found it on level 7 of a ziggurat)
 73070 | Zig:8    | Entered Level 8 of a ziggurat
 73079 | Zig:8    | Noticed an ancient lich
 73096 | Zig:8    | Killed an ancient lich
 73103 | Zig:8    | Reached skill level 24 in Stealth
 73184 | Zig:9    | Entered Level 9 of a ziggurat
 73192 | Zig:9    | Noticed an ancient lich
 73216 | Zig:9    | Killed an ancient lich
 73242 | Zig:9    | Identified the ring "Pibrausa" {rC+ rN+} (You found it on
                  | level 9 of a ziggurat)
 73245 | Zig:9    | Got a sparkling tin amulet
 73250 | Zig:9    | Identified the amulet "Sitim" {Inacc rPois Str+4} (You
                  | found it on level 9 of a ziggurat)
 73277 | Zig:10   | Entered Level 10 of a ziggurat
 73349 | Zig:11   | Entered Level 11 of a ziggurat
 73482 | Zig:11   | Reached skill level 15 in Translocations
 73519 | Zig:11   | Got a clouded ruby amulet
 73521 | Zig:11   | Identified the amulet "Meushryvvi" {Regen+ Str+2} (You
                  | found it on level 11 of a ziggurat)
 73549 | Zig:12   | Entered Level 12 of a ziggurat
 73558 | Zig:12   | Noticed a juggernaut
 73575 | Zig:12   | Killed a juggernaut
 73680 | Zig:12   | Identified the ring of Atsais {rC+ MR+} (You found it on
                  | level 12 of a ziggurat)
 73688 | Zig:13   | Entered Level 13 of a ziggurat
 73826 | Zig:13   | Got a vibrating iron ring
 73828 | Zig:13   | Identified the ring "Cysmof" {+Fly rN+ Dex+2} (You found it
                  | on level 13 of a ziggurat)
 73853 | Zig:14   | Entered Level 14 of a ziggurat
 73913 | Zig:14   | Identified the Grimoire of Enchanting Air
 74019 | Zig:14   | Reached skill level 18 in Translocations
 74035 | Zig:14   | Got a pitted pewter ring
 74037 | Zig:14   | Identified the ring of Moodiness {+Fly MP+9 Stlth+} (You
                  | found it on level 14 of a ziggurat)
 74184 | Zig:15   | Entered Level 15 of a ziggurat
 74198 | Zig:15   | Noticed a greater mummy
 74199 | Zig:15   | Noticed a greater mummy
 74204 | Zig:15   | Found the +1 cloak of Starlight {rElec rC+ EV+4 Stlth--}
 74205 | Zig:15   | Noticed a greater mummy
 74413 | Hell     | Entered the Vestibule of Hell
 74413 | Hell     | Noticed Geryon
 74416 | Hell     | Killed Geryon
 74443 | Hell     | Noticed an ancient lich
 74468 | Hell     | Killed an ancient lich
 74558 | Hell     | Found a gateway to the decaying netherworld of Tartarus.
 74584 | Tar:1    | Entered Level 1 of Tartarus
 74910 | Tar:1    | Reached skill level 21 in Translocations
 75801 | Tar:2    | Reached skill level 9 in Necromancy
 76323 | Tar:4    | You fall through a shaft!
 76370 | Tar:5    | You fall through a shaft!
 76420 | Tar:7    | Entered Level 7 of Tartarus
 76488 | Tar:7    | Reached skill level 12 in Necromancy
 76683 | Tar:7    | Noticed an ancient lich
 76698 | Tar:7    | Killed an ancient lich
 76889 | Tar:7    | Noticed Ereshkigal
 76931 | Tar:7    | Killed Ereshkigal
 76938 | Tar:7    | Noticed the Serpent of Hell
 77593 | Tar:7    | Reached skill level 15 in Necromancy
 77934 | Tar:7    | Reached skill level 12 in Spellcasting
 77947 | Tar:7    | Got a bone rune of Zot
 78153 | Tar:7    | Got a pitted ruby amulet
 78216 | Tar:7    | Learned a level 8 spell: Borgnjor's Revivification
 78398 | Hell     | Identified the amulet of the Komodo Dragon {RegenMP Int+6}
                  | (You found it on level 7 of Tartarus)
 78502 | Hell     | Found a gateway to the Iron City of Dis.
 78523 | Dis:1    | Entered Level 1 of the Iron City of Dis
 79434 | Dis:3    | Found a burning altar of Makhleb.
 79920 | Dis:5    | Gained mutation: You tend to lose your temper in combat.
                  | [mutagenic glow]
 79982 | Dis:5    | Reached skill level 24 in Armour
 80066 | Dis:5    | Lost mutation: You tend to lose your temper in combat.
                  | [potion of mutation]
 80066 | Dis:5    | Gained mutation: Scrolls take you a little longer to read.
                  | [potion of mutation]
 80067 | Dis:5    | Lost mutation: Your mind is acute. (Int +2) [potion of
                  | mutation]
 80067 | Dis:5    | Lost mutation: Scrolls take you a little longer to read.
                  | [potion of mutation]
 80067 | Dis:5    | Gained mutation: You are frail. (-10% HP) [potion of
                  | mutation]
 80068 | Dis:5    | Lost mutation: You are frail. (-10% HP) [potion of
                  | mutation]
 80476 | Dis:7    | Entered Level 7 of the Iron City of Dis
 80767 | Dis:7    | Reached skill level 18 in Necromancy
 80929 | Dis:7    | Noticed Dispater
 80948 | Dis:7    | Killed Dispater
 81091 | Dis:7    | Got a faintly glowing golden ring
 81093 | Dis:7    | Identified the ring of Egomania {rPois Dex+3} (You found it
                  | on level 7 of the Iron City of Dis)
 81100 | Dis:7    | Got an iron rune of Zot
 81105 | Dis:7    | Identified the Almanac of Flight
 81180 | Hell     | Found a gateway to the ashen valley of Gehenna.
 81227 | Geh:1    | Entered Level 1 of Gehenna
 81695 | Geh:3    | You fall through a shaft!
 81999 | Geh:7    | Entered Level 7 of Gehenna
 82377 | Geh:7    | Reached skill level 25 in Stealth
 82632 | Geh:7    | Noticed Asmodeus
 82641 | Geh:7    | Killed Asmodeus
 82677 | Geh:7    | Found the amulet of Vitality {Regen+ HP+15}
 82677 | Geh:7    | Found the +9 scales of the Dragon King {rPois rF+ rC+ MR+}
 82696 | Geh:7    | Got a crude chain mail
 82707 | Geh:7    | Identified the cursed +0 chain mail "Muchemao" {rPois MR+
                  | Str+4} (You found it on level 7 of Gehenna)
 82738 | Geh:7    | Got an obsidian rune of Zot
 82768 | Geh:7    | Got a wavering turquoise ring
 82769 | Geh:7    | Identified the ring of Nenel {*Corrode rPois rC+ rN+ MR+++}
                  | (You found it on level 7 of Gehenna)
 82972 | Hell     | Found a gateway to the freezing wastes of Cocytus.
 82981 | Coc:1    | Entered Level 1 of Cocytus
 83214 | Coc:2    | Noticed a shard shrike
 83241 | Coc:2    | Killed a shard shrike
 83351 | Coc:4    | Noticed a shard shrike
 83357 | Coc:4    | Noticed a shard shrike
 83368 | Coc:4    | Noticed a shard shrike
 83376 | Coc:4    | Killed a shard shrike
 83381 | Coc:4    | Killed a shard shrike
 83395 | Coc:4    | Killed a shard shrike
 83445 | Coc:4    | Reached skill level 26 in Stealth
 83445 | Coc:4    | Reached skill level 21 in Necromancy
 83526 | Coc:4    | Noticed a shard shrike
 83534 | Coc:4    | Killed a shard shrike
 83604 | Coc:4    | Noticed a shard shrike
 83619 | Coc:4    | Killed a shard shrike
 83861 | Coc:6    | Noticed a shard shrike
 83861 | Coc:7    | Entered Level 7 of Cocytus
 83968 | Coc:7    | Noticed a shard shrike
 83980 | Coc:7    | Killed a shard shrike
 84036 | Coc:7    | Reached skill level 27 in Stealth
 84068 | Coc:7    | Noticed a shard shrike
 84075 | Coc:7    | Killed a shard shrike
 84408 | Coc:7    | Noticed a shard shrike
 84415 | Coc:7    | Killed a shard shrike
 84585 | Coc:7    | Noticed a shard shrike
 84606 | Coc:7    | Killed a shard shrike
 84842 | Coc:7    | Noticed a shard shrike
 84847 | Coc:7    | Killed a shard shrike
 84856 | Coc:7    | Noticed Antaeus
 84877 | Coc:7    | Noticed a shard shrike
 84883 | Coc:7    | Killed Antaeus
 84886 | Coc:7    | Killed a shard shrike
 84919 | Coc:7    | Got an icy rune of Zot
 85008 | Coc:7    | Noticed a shard shrike
 85018 | Coc:7    | Noticed a shard shrike
 85031 | Coc:7    | Killed a shard shrike
 85031 | Coc:7    | Reached skill level 21 in Dodging
 85049 | Coc:7    | Killed a shard shrike
 85116 | Coc:7    | Noticed a shard shrike
 85128 | Coc:7    | Killed a shard shrike
 85535 | Vaults:1 | Bought a wand of acid (5) for 252 gold pieces
 85537 | Vaults:1 | Bought a scroll of blinking for 352 gold pieces
 85537 | Vaults:1 | Bought a scroll of fog for 94 gold pieces
 85537 | Vaults:1 | Bought a potion of curing for 141 gold pieces
 85541 | Vaults:1 | Bought a potion of mutation for 168 gold pieces
 85541 | Vaults:1 | Bought a potion of curing for 63 gold pieces
 85541 | Vaults:1 | Bought a potion of curing for 63 gold pieces
 85541 | Vaults:1 | Bought a potion of mutation for 168 gold pieces
 85544 | Vaults:1 | Bought a potion of brilliance for 84 gold pieces
 85544 | Vaults:1 | Bought a potion of brilliance for 84 gold pieces
 85545 | Vaults:1 | Bought a potion of curing for 63 gold pieces
 85545 | Vaults:1 | Bought a potion of curing for 63 gold pieces
 85545 | Vaults:1 | Bought a potion of brilliance for 84 gold pieces
 85545 | Vaults:1 | Bought a potion of ambrosia for 168 gold pieces
 85546 | Vaults:1 | Bought a wand of iceblast (10) for 196 gold pieces
 85546 | Vaults:1 | Bought a wand of iceblast (5) for 126 gold pieces
 85887 | Tomb:1   | Entered Level 1 of the Tomb of the Ancients
 86072 | Tomb:1   | Noticed a greater mummy
 86084 | Tomb:1   | Noticed a greater mummy
 86087 | Tomb:1   | Killed a greater mummy
 86119 | Tomb:2   | Noticed a greater mummy
 86119 | Tomb:2   | Noticed a greater mummy
 86119 | Tomb:2   | Noticed a greater mummy
 86119 | Tomb:2   | Noticed a greater mummy
 86119 | Tomb:2   | Noticed an ancient lich
 86192 | Tomb:3   | Entered Level 3 of the Tomb of the Ancients
 86199 | Tomb:3   | Found the amulet of the Four Winds {rN+ MR+++ Clar}
 86223 | Tomb:3   | Found the +2 cloak of the Thief {+Fog Slay-2 SInv Stlth+}
 86267 | Tomb:3   | Got a steaming lead amulet
 86267 | Tomb:3   | Got a glittering ivory ring
 86267 | Tomb:3   | Got a smoking glass ring
 86269 | Tomb:3   | Identified the ring "Quwkis" {+Inv rElec rF+ Dex-5 Stlth-}
                  | (You found it on level 3 of the Tomb of the Ancients)
 86285 | Tomb:3   | Noticed a greater mummy
 86328 | Tomb:3   | Noticed a greater mummy
 86330 | Tomb:3   | Noticed a greater mummy
 86336 | Tomb:3   | Noticed a greater mummy
 86336 | Tomb:3   | Noticed a greater mummy
 86337 | Tomb:3   | Noticed a greater mummy
 86341 | Tomb:3   | Killed a greater mummy
 86342 | Tomb:3   | Got a golden rune of Zot
 86351 | Tomb:3   | Killed a greater mummy
 86382 | Tomb:2   | Identified the ring of Curiosity {rElec rC+ MR+} (You found
                  | it on level 3 of the Tomb of the Ancients)
 86386 | Tomb:2   | Identified the amulet of Jeacvilo {Inacc +Inv rN+ Str-4}
                  | (You found it on level 3 of the Tomb of the Ancients)
 86414 | Tomb:1   | Noticed a greater mummy
 86414 | Tomb:1   | Noticed a greater mummy
 86416 | Tomb:1   | Killed a greater mummy
 86418 | Tomb:1   | Killed a greater mummy
 87008 | Zot:1    | Entered Level 1 of the Realm of Zot
 87040 | Zot:1    | Reached skill level 15 in Spellcasting
 87305 | Zot:5    | Entered Level 5 of the Realm of Zot
 87364 | Zot:5    | Noticed an ancient lich
 87365 | Zot:5    | Noticed an orb of fire
 87377 | Zot:5    | Gained mutation: Scrolls take you a little longer to read.
                  | [an orb of fire]
 87380 | Zot:5    | Killed an orb of fire
 87388 | Zot:5    | Killed an ancient lich
 87400 | Zot:5    | Learned a level 3 spell: Recall
 87424 | Zot:5    | Lost mutation: Scrolls take you a little longer to read.
                  | [potion of mutation]
 87427 | Zot:5    | Noticed an ancient lich
 87440 | Zot:5    | Killed an ancient lich
 87449 | Zot:5    | Killed an ancient lich
 87501 | Zot:5    | Got the Orb of Zot
 87622 | Zot:4    | Noticed Leingosa the pandemonium lord
 87849 | Depths:3 | Noticed Apop the pandemonium lord
 87891 | Depths:3 | Noticed Cuev the pandemonium lord
 87958 | Depths:3 | Killed Cuev the pandemonium lord
 88229 | D:7      | Noticed Unlul Niate the pandemonium lord
 88420 | D:$      | Escaped with the Orb!

Vault maps used:
D:1:      minmay_arrival_widening_spiral_wide, serial_glass, glass_columns_a,
          glass_columns_a
D:2:      serial_co_window_serial, co_window_paths_a, co_window_corner_a,
          co_window_corner_a, co_window_paths_a, co_window_corner_a,
          co_window_corner_a, co_window_paths_a, co_window_unsneaky_path_b,
          co_window_corner_cb, co_window_broadway_a, co_window_broadway_b,
          co_window_corner_b, glass_columns_a, first_ration
D:3:      gammafunk_ghost_split, minmay_tree_intersection,
          kennysheep_decorative_pillar, uniq_jessica, uniq_grinder,
          uniq_crazy_yiuf_cottage, uniq_robin, uniq_ijyb
D:5:      uniq_prince_ribbit1, uniq_blork_the_orc, uniq_pikel
D:6:      kennysheep_little_box, lemuel_doored_altar, uniq_sigmund
D:7:      kennysheep_mini_moat, lemuel_coloured_pillars_altar,
          lemuel_temple_firewalk_b, serial_glass, glass_columns_b,
          glass_columns_a, nicolae_ru_awakened_eye, uniq_harold
D:8:      enter_bailey_2, basic_altar, grunt_livestock,
          nemelex_xobeh_ov_fountains_minmay
D:9:      cheibrodos_histonic, bh_walls_and_bars, uniq_gastronok
D:10:     gammafunk_ghost_nasty_kobolds, nicolae_dithmenos_the_darkroom
D:11:     erik_lair_dragon, orc_0_dummy, serial_shops, shop,
          gammafunk_ghost_nasty_kobolds, uniq_sonja
D:12:     serial_shops, shop
D:13:     david_vaults_1, lab_entry_generic, gammafunk_ghost_nasty_kobolds,
          basic_altar, uniq_kirke
D:14:     serial_shops, shop, nicolae_tso_swordbearing_angel, uniq_azrael
D:15:     gammafunk_depths_entry_grave, serial_shops, shop,
          nicolae_gozag_cash_rules_everything_around_me, uniq_josephine
Lair:1:   beast_lair_carwin_large_3, minmay_holes, serial_bayou_shore_a,
          minmay_lair_oklob_chamber, lemuel_fruit_fields, uniq_urug
Lair:2:   minmay_shoals_entry_centaurs, spider_nest_entry_webs,
          minmay_stone_trees_small, hangedman_lair_generics_rect
Lair:3:   beast_lair_carwin_large_1, serial_bayou_shore_b
Lair:4:   pond_and_an_island_with_a_cottage, serial_bayou_shore_b,
          infiniplex_staircase_pool, grunt_megastairs_5
Lair:5:   slime_altar_2, grunt_megastairs_2, infiniplex_staircase_pool_2
Lair:6:   evilmike_catoblepas_cave, portal_ice_cave_entry_imps
Shoals:1: cheibrodos_shoals_satyrical_garden
Shoals:3: gammafunk_its_a_trap
Shoals:4: shoals_end_simple, yaktaur_hedge
Spider:1: hangedman_spider_tarantella_strand
Spider:2: ebering_ghost_reflecting_pool
Spider:3: nicolae_crawler_farm
Spider:4: spider_rune_water, einodemon_crawler_minivault,
          nicolae_spider_cling_ruins
Slime:2:  cheibrodos_slime_lost_civilization_6
Slime:3:  dissolution_awaits
Slime:4:  nicolae_slime_ancient_tower_intersection
Orc:2:    st_orc_town, uniq_snorg, uniq_nessos
Elf:1:    eino_elf_arrival_customs, serial_shops, shop, minmay_elf_demonology,
          minivault_23, lemuel_flamethrower_3
Elf:2:    door_vault
Elf:3:    minmay_elf_hall_quartered_circle, grunt_ministairs_2
Vaults:1: nicolae_vaults_good_morning_starshine, v_misc_16, v_alt_pattern_6,
          nicolae_vaults_little_ls, nicolae_vaults_network_periphery,
          nicolae_vaults_puzzle_piece, v_rooms_1, v_pattern_1,
          nicolae_vaults_shelves_hall, vaults_mumra_hexcomb,
          vaults_dpeg_encased_lava, serial_shops, nicolae_shop_stone,
          shop_coins, shop_fountains
Vaults:2: st_greater_box_2, v_alt_pattern_3, v_misc_14, vaults_room_semicircle,
          ontoclasm_vaults_ring_small, nicolae_vaults_theta,
          nicolae_vaults_border_crossing
Vaults:3: nicolae_vaults_mini_display_case, v_alt_pattern_2,
          minmay_crypt_entry_simple_box, nicolae_vaults_asterisk,
          vaults_room_fancy_cross, nicolae_vaults_alarming,
          nicolae_vaults_angled_halls, v_misc_24, v_alt_pattern_3,
          nicolae_vaults_angled_halls, nicolae_vaults_network_quincunx
Vaults:4: v_misc_16, v_rooms_2, v_rooms_4, v_misc_13, vaults_dpeg_hooks,
          nicolae_vaults_know_your_exits, ontoclasm_vaults_shuriken,
          serial_shops, bzr_in_the_mist
Vaults:5: uniq_xtahua
Crypt:2:  lemuel_mausoleum_altar_yredelemnul, uniq_margery, uniq_khufu,
          uniq_bai_suzhen
Crypt:3:  quadcrypt_mu
Depths:1: abyss_entry_flame_altar, pf_coc_iceberg, minmay_misc_feat_doors,
          kennysheep_treasure_room, firewood_loft, uniq_enchantress
Depths:2: minmay_the_grid_triangle_9x9_recursive_2, abandoned_shop, hell_entry
Depths:3: minmay_chopped_fan, enter_ziggurat_b, serial_bayou_shore_b,
          grunt_pan_entry_in_and_out, hell_entry, grunt_megastairs_4,
          minmay_staircase_statues, uniq_nikola, uniq_mennas, uniq_boris
Depths:4: minmay_expanding_circles, abyss_entry_crystal, hell_entry,
          minmay_misc_feat_tower, infiniplex_staircase_zigzag_2, uniq_saint_roka
Depths:5: grunt_zot_entry_gee_three, lightli_too_deep, rand_demon_pan_entry_8,
          grunt_decor_one_mirror, minmay_shop_star, serial_bayou_shore_b,
          basic_stair_grate_trap
Dis:3:    kennysheep_iron_temple
Dis:5:    grunt_dis_stairs_iron_hall
Dis:7:    dis_hangedman
Geh:3:    grunt_megastairs_3
Geh:7:    geh_mu
Coc:3:    lemuel_elevator
Coc:7:    coc_mu
Tar:5:    nicolae_tar_cuneiform_sun
Tar:7:    tar_grunt_cathedral
Zot:2:    stair_cage_cross
Zot:3:    zot_minivault_8
Abyss:3:  hangedman_eye_storm, evilmike_abyss_exit_kraken
Abyss:4:  hangedman_abyss_rune_macabre_mess
Pan:      gloorx_vloq, pan_blood_fountain_2, nicolae_pan_mnolegish_5,
          nicolae_pan_sigil_nadil, reaverb_pan_figure_eight, rand_demon_7,
          mnoleg_st, evilmike_mini_pan_doors_b, evilmike_mini_pan_layers,
          nicolae_pan_giant_door, evilmike_mini_pan_doors, special_room,
          reaverb_pan_chaos_star, evilmike_mini_pan_pillars_b,
          pan_blood_fountain, evilmike_mini_pan_3x3, evilmike_cerebov_lava,
          nicolae_pan_lom_lobonic_1, evilmike_mini_pan_doors_b,
          lom_lobon_grunt_wind_tunnels, evilmike_mini_pan_thingy,
          evilmike_mini_pan_branches, regret_index_pan_draining_boxed,
          pan_blood_fountain, nicolae_pan_gloorx_vloqian_1
Zig:5:    ziggurat_pillar_centre_dead_trees
Zig:8:    ziggurat_pillar_centre_oklobs
Zig:9:    ziggurat_pillar_centre_c
Lab:      nicolae_lab_lava, nicolae_lab_dead_end, nicolae_lab_checkerboard,
          nicolae_lab_stuck, nicolae_lab_starburst
Bazaar:   bazaar_minmay_trees
Bailey:   bailey_polearm_5, bailey
IceCv:    ice_cave_small_necro

Skill      XL: |  1  2  3  4  5  6  7  8  9 10 11 12 13 14 15 16 17 18 19 20 21 22 23 24 25 26 27 |
---------------+----------------------------------------------------------------------------------+-----
Ice Magic      | 1 2 3 |  3.1
Fighting       | 2 3 4 5 6 9 10 13 14 15 16 20 | 20.0
Short Blades   | 2 |  2.0
Stealth        | 1 4 5 27 | 27.0
Dodging        | 1 4 5 6 9 11 12 13 15 17 19 21 | 21.3
Evocations     | 2 3 5 7 8 9 11 12 15 | 15.0
Axes           | 5 8 11 13 14 15 17 18 | 18.0
Armour         | 3 5 6 8 10 11 12 14 15 16 17 19 20 25 | 25.5
Throwing       | 1 8 12 | 12.0
Translocations | 2 8 9 12 22 | 22.0
Spellcasting   | 2 4 5 15 | 15.5
Charms         | 7 8 13 | 13.0
Necromancy     | 1 22 | 22.2
Air Magic      | 11 | 11.0
Hexes          | 2 |  2.0
Summonings     | 6 |  6.0
Earth Magic    | 12 | 12.8
Crossbows      | |  2.1
Shields        | |  1.1
Transmutations | |  1.2
Poison Magic   | |  1.0

Action                   |  1- 3 |  4- 6 |  7- 9 | 10-12 | 13-15 | 16-18 | 19-21 | 22-24 | 25-27 || total
-------------------------+-------+-------+-------+-------+-------+-------+-------+-------+-------++-------
Melee: Club              |     1 |       |       |       |       |       |       |       |       ||     1
       Dagger            |     3 |    65 |   139 |       |       |       |       |       |       ||   207
       Broad axe         |       |       |   124 |   584 |  1041 |  1293 |   767 |   479 |  7948 || 12236
 Fire: Hunting sling     |       |     2 |       |       |       |       |       |       |       ||     2
Throw: Stone             |    13 |    92 |    20 |     3 |       |       |       |       |       ||   128
       Tomahawk          |       |       |       |     9 |    49 |     2 |   270 |   234 |   583 ||  1147
       Throwing net      |       |       |       |       |     1 |       |       |       |    10 ||    11
 Cast: Freeze            |    52 |   115 |    43 |       |       |       |       |       |       ||   210
       Flame Tongue      |     1 |       |       |       |       |       |       |       |       ||     1
       Sticks to Snakes  |       |     2 |       |       |       |       |       |       |       ||     2
       Blink             |       |       |       |       |       |       |       |     1 |    21 ||    22
       Song of Slaying   |       |       |       |       |       |       |       |       |    30 ||    30
       Regeneration      |       |       |       |       |       |       |       |       |   367 ||   367
       Apportation       |       |       |       |       |       |       |       |       |   274 ||   274
       Passwall          |       |       |       |       |       |       |       |       |    69 ||    69
       Borgnjor's Vile C |       |       |       |       |       |       |       |       |    39 ||    39
       Passage of Golubr |       |       |       |       |       |       |       |       |    31 ||    31
       Lesser Beckoning  |       |       |       |       |       |       |       |       |    20 ||    20
       Deflect Missiles  |       |       |       |       |       |       |       |       |    11 ||    11
       Recall            |       |       |       |       |       |       |       |       |     9 ||     9
       Portal Projectile |       |       |       |       |       |       |       |       |     7 ||     7
       Summon Lightning  |       |       |       |       |       |       |       |       |     7 ||     7
       Controlled Blink  |       |       |       |       |       |       |       |       |     4 ||     4
Invok: Potion Petition   |       |       |       |     1 |       |       |       |       |     3 ||     4
       Call Merchant     |       |       |       |       |       |     3 |       |     3 |     5 ||    11
       Bribe Branch      |       |       |       |       |       |       |       |       |     3 ||     3
 Abil: Evoke Invisibilit |       |       |       |       |       |       |       |       |    10 ||    10
       Evoke Fog         |       |       |       |       |       |       |       |       |     4 ||     4
Evoke: Wand              |       |     7 |    20 |    11 |    39 |    50 |     6 |    36 |    56 ||   225
       Box of beasts     |       |       |       |       |       |       |     1 |       |     6 ||     7
       Phial of floods   |       |       |       |       |       |       |       |       |     1 ||     1
       Lightning rod     |       |       |       |       |       |       |       |       |     8 ||     8
       Sack of spiders   |       |       |       |       |       |       |       |       |     5 ||     5
       Phantom mirror    |       |       |       |       |       |       |       |       |     4 ||     4
       Lamp of fire      |       |       |       |       |       |       |       |       |     2 ||     2
  Use: Scroll            |       |     5 |     2 |    11 |     8 |    13 |     7 |     3 |    86 ||   135
       Potion            |       |       |     3 |    10 |     3 |     2 |     1 |     3 |    61 ||    83
 Stab: Sleeping          |     2 |     2 |     1 |       |       |       |       |       |   142 ||   147
       Paralysed         |       |     8 |     8 |     4 |    17 |    17 |       |     1 |     5 ||    60
       Distracted        |       |       |       |     4 |     9 |    23 |     9 |     5 |   189 ||   239
       Held in net/web   |       |       |       |       |     1 |     1 |       |       |    13 ||    15
       Confused          |       |       |       |       |     6 |       |       |       |       ||     6
       Petrified         |       |       |       |       |     1 |     3 |       |       |       ||     4
       Petrifying        |       |       |       |       |       |     1 |       |       |       ||     1
       Invisible         |       |       |       |       |       |       |       |       |    94 ||    94
  Eat: Chunk             |     7 |    17 |     6 |       |       |       |       |       |       ||    30
       Ration            |       |       |     5 |     7 |    10 |     9 |     6 |     5 |    55 ||    97
Armor: Robe              |     5 |       |    63 |     5 |       |       |       |       |       ||    73
       Leather armour    |    12 |    30 |       |       |       |       |       |       |       ||    42
       Plate armour      |       |       |       |   376 |   112 |   645 |   288 |   179 |   859 ||  2459
       Skin              |       |       |       |     2 |     3 |     8 |       |       |       ||    13
       Chain mail        |       |       |       |       |   407 |       |       |       |       ||   407
       Fire dragon scale |       |       |       |       |       |       |       |       |  1572 ||  1572
Dodge: Dodged            |    40 |   100 |   180 |   207 |   502 |   845 |   471 |   359 |  7970 || 10674
       Deflected         |       |       |       |       |       |       |       |       |   206 ||   206
Block: Buckler           |       |    11 |    39 |       |       |       |       |       |       ||    50
       Other             |       |       |       |       |       |   117 |   110 |   100 |  1440 ||  1767
       Reflection        |       |       |       |       |       |       |    13 |    13 |    32 ||    58

Table legend:
 A = Non-vault XP
 B = Vault XP
 C = Vault XP percentage of total XP
 D = Non-vault monster count
 E = Vault monster count
 F = Vault count percentage of total count
                 A         B        C        D         E       F
            +---------+---------+-------+---------+---------+-------
      Total | 1831859 | 1460478 |  44.4 |    3085 |    1621 |  34.4
            +---------+---------+-------+---------+---------+-------
        D:1 |      30 |       0 |   0.0 |      16 |       0 |   0.0
        D:2 |      96 |      22 |  18.6 |      30 |       5 |  14.3
        D:3 |      64 |     427 |  87.0 |      22 |      14 |  38.9
        D:4 |     226 |       0 |   0.0 |      11 |       0 |   0.0
        D:5 |     685 |     358 |  34.3 |      15 |       2 |  11.8
        D:6 |     407 |      36 |   8.1 |      12 |       1 |   7.7
        D:7 |    1339 |    1619 |  54.7 |      32 |       2 |   5.9
        D:8 |    1839 |     962 |  34.3 |      26 |       5 |  16.1
        D:9 |    1872 |    3549 |  65.5 |      35 |      21 |  37.5
       D:10 |     840 |    2438 |  74.4 |      13 |      11 |  45.8
       D:11 |    5930 |    3551 |  37.5 |      34 |      14 |  29.2
       D:12 |    4378 |       0 |   0.0 |      28 |       0 |   0.0
       D:13 |    5008 |    7634 |  60.4 |      26 |      21 |  44.7
       D:14 |   12871 |    1842 |  12.5 |      45 |       5 |  10.0
       D:15 |    8601 |    7220 |  45.6 |      23 |      12 |  34.3
     Lair:1 |    2234 |    3353 |  60.0 |       8 |      11 |  57.9
     Lair:2 |    5926 |    3362 |  36.2 |      27 |      10 |  27.0
     Lair:3 |    8966 |    1275 |  12.4 |      26 |       8 |  23.5
     Lair:4 |    3902 |    1374 |  26.0 |      13 |       8 |  38.1
     Lair:5 |   14604 |    5298 |  26.6 |      38 |       5 |  11.6
     Lair:6 |   13894 |   10706 |  43.5 |      29 |      35 |  54.7
   Shoals:1 |   20437 |    3892 |  16.0 |      41 |       8 |  16.3
   Shoals:2 |   15647 |       0 |   0.0 |      33 |       0 |   0.0
   Shoals:3 |    9171 |    3822 |  29.4 |      23 |       7 |  23.3
   Shoals:4 |   15818 |   20147 |  56.0 |      31 |      33 |  51.6
   Spider:1 |   16606 |     235 |   1.4 |      47 |       1 |   2.1
   Spider:2 |   18147 |    2466 |  12.0 |      55 |       1 |   1.8
   Spider:3 |   13833 |    2182 |  13.6 |      35 |       7 |  16.7
   Spider:4 |   15341 |   19123 |  55.5 |      31 |      39 |  55.7
    Slime:1 |    9630 |       0 |   0.0 |      27 |       0 |   0.0
    Slime:2 |   27067 |   13640 |  33.5 |      37 |       1 |   2.6
    Slime:3 |   19788 |       0 |   0.0 |      33 |       0 |   0.0
    Slime:4 |   17794 |       0 |   0.0 |      26 |       0 |   0.0
    Slime:5 |    5101 |   28239 |  84.7 |      13 |      13 |  50.0
      Orc:1 |    4232 |       0 |   0.0 |      35 |       0 |   0.0
      Orc:2 |     113 |    8527 |  98.7 |       1 |      64 |  98.5
      Elf:1 |    7470 |    7613 |  50.5 |      11 |      12 |  52.2
      Elf:2 |   18065 |   43822 |  70.8 |      28 |      43 |  60.6
      Elf:3 |   11058 |   45549 |  80.5 |      20 |      35 |  63.6
   Vaults:1 |   31950 |   34578 |  52.0 |      53 |      63 |  54.3
   Vaults:2 |   34583 |   40763 |  54.1 |      76 |      42 |  35.6
   Vaults:3 |   17481 |    8600 |  33.0 |      31 |      10 |  24.4
   Vaults:4 |   25778 |   16545 |  39.1 |      40 |      20 |  33.3
   Vaults:5 |   39458 |  146397 |  78.8 |      68 |      98 |  59.0
    Crypt:1 |   38928 |       0 |   0.0 |      56 |       0 |   0.0
    Crypt:2 |   48757 |   22828 |  31.9 |      55 |      22 |  28.6
    Crypt:3 |       0 |   63108 | 100.0 |       0 |      81 | 100.0
     Tomb:1 |    3117 |   26062 |  89.3 |      11 |      19 |  63.3
     Tomb:2 |    1598 |    4754 |  74.8 |       7 |       6 |  46.2
     Tomb:3 |    7767 |    7663 |  49.7 |      13 |      12 |  48.0
   Depths:1 |   32651 |   14519 |  30.8 |      39 |      14 |  26.4
   Depths:2 |   39221 |   16578 |  29.7 |      44 |       8 |  15.4
   Depths:3 |   27825 |   40585 |  59.3 |      33 |      35 |  51.5
   Depths:4 |   45372 |   56569 |  55.5 |      52 |      38 |  42.2
   Depths:5 |   31339 |   34895 |  52.7 |      27 |      26 |  49.1
       Hell |   28168 |   33699 |  54.5 |      44 |      45 |  50.6
      Dis:1 |   37874 |       0 |   0.0 |      82 |       0 |   0.0
      Dis:2 |    7485 |       0 |   0.0 |      13 |       0 |   0.0
      Dis:3 |    3477 |   13145 |  79.1 |      10 |      20 |  66.7
      Dis:5 |   14699 |   19710 |  57.3 |      22 |      33 |  60.0
      Dis:6 |   27262 |       0 |   0.0 |      43 |       0 |   0.0
      Dis:7 |   26028 |   77525 |  74.9 |      22 |      44 |  66.7
      Geh:1 |    1084 |       0 |   0.0 |       3 |       0 |   0.0
      Geh:2 |   17272 |       0 |   0.0 |      35 |       0 |   0.0
      Geh:3 |   17217 |       0 |   0.0 |      41 |       0 |   0.0
      Geh:4 |   21232 |       0 |   0.0 |      41 |       0 |   0.0
      Geh:6 |    6011 |       0 |   0.0 |      19 |       0 |   0.0
      Geh:7 |   36145 |   44978 |  55.4 |      58 |      33 |  36.3
      Coc:1 |    6289 |       0 |   0.0 |      20 |       0 |   0.0
      Coc:2 |   15324 |       0 |   0.0 |      31 |       0 |   0.0
      Coc:3 |     500 |       0 |   0.0 |       2 |       0 |   0.0
      Coc:4 |   47644 |       0 |   0.0 |      53 |       0 |   0.0
      Coc:6 |    3254 |       0 |   0.0 |       7 |       0 |   0.0
      Coc:7 |   92018 |   60859 |  39.8 |      99 |      86 |  46.5
      Tar:1 |   78193 |       0 |   0.0 |     101 |       0 |   0.0
      Tar:2 |   25827 |       0 |   0.0 |      35 |       0 |   0.0
      Tar:3 |    4326 |       0 |   0.0 |       2 |       0 |   0.0
      Tar:4 |   18596 |       0 |   0.0 |      33 |       0 |   0.0
      Tar:5 |    1899 |       0 |   0.0 |       5 |       0 |   0.0
      Tar:6 |    7231 |       0 |   0.0 |      14 |       0 |   0.0
      Tar:7 |  117611 |  106439 |  47.5 |     140 |      60 |  30.0
      Zot:1 |    2654 |       0 |   0.0 |       2 |       0 |   0.0
      Zot:3 |   17147 |    8870 |  34.1 |      15 |       9 |  37.5
      Zot:4 |    1208 |       0 |   0.0 |       2 |       0 |   0.0
      Zot:5 |    9403 |   54220 |  85.2 |       9 |      23 |  71.9
    Abyss:1 |   24693 |    1855 |   7.0 |      38 |       3 |   7.3
    Abyss:3 |   11040 |    7220 |  39.5 |      11 |      13 |  54.2
    Abyss:4 |    3440 |   21155 |  86.0 |       9 |      49 |  84.5
        Pan |  153678 |  207514 |  57.5 |     183 |     149 |  44.9
      Zig:1 |    1194 |       0 |   0.0 |       2 |       0 |   0.0
      Zig:2 |    2935 |       0 |   0.0 |       2 |       0 |   0.0
      Zig:3 |    6532 |       0 |   0.0 |       6 |       0 |   0.0
      Zig:4 |    4387 |       0 |   0.0 |       4 |       0 |   0.0
      Zig:5 |   11502 |       0 |   0.0 |       6 |       0 |   0.0
      Zig:6 |   12619 |       0 |   0.0 |       7 |       0 |   0.0
      Zig:7 |    8583 |       0 |   0.0 |      10 |       0 |   0.0
      Zig:8 |   19862 |    3923 |  16.5 |      10 |       7 |  41.2
      Zig:9 |   20250 |     717 |   3.4 |      11 |       1 |   8.3
     Zig:10 |    8205 |       0 |   0.0 |      18 |       0 |   0.0
     Zig:11 |   20820 |       0 |   0.0 |      16 |       0 |   0.0
     Zig:12 |   20833 |       0 |   0.0 |      33 |       0 |   0.0
     Zig:13 |   18599 |       0 |   0.0 |      26 |       0 |   0.0
     Zig:14 |   21113 |       0 |   0.0 |      32 |       0 |   0.0
     Zig:15 |    2464 |       0 |   0.0 |      16 |       0 |   0.0
        Lab |    1177 |    1337 |  53.2 |       1 |       7 |  87.5
     Bailey |       0 |    2112 | 100.0 |       0 |      37 | 100.0
      IceCv |       0 |    6473 | 100.0 |       0 |      54 | 100.0
            +---------+---------+-------+---------+---------+-------
